Workbook

Sheet Henri's Hotel
AG2: =12*24 -> 288
AA3: =6*10.5*1.25+1*1.5*10.5 -> 94.5
AB5: =39*10.5 -> 409.5
I7: Employees | J7: Monday | L7: Tuesday | N7: Wednesday | P7: Thursday | R7: Friday | T7: Saturday | V7: Sunday | X7: Number of days worked | Y7: Worked hours on Sunday | Z7: Overtime hours | AA7: Working hours (excluding overtime) | AB7: Working hours wages (excluding overtime) | AC7: Working overtime hours wages | AD7: TEST TOTAL WAGE | AE7: Total Weekly working time | AF7: F&B workers hours | AG7: Department | AH7: Position | AI7: Basic Wage | AJ7: Hourly rate | AK7: Week wage | AL7: Service charge (5%) | AO7: Situation | AP7: Number of children | AQ7: Tax Free Allowance | AR7: Bonus managers | AS7: Labour cost workers | AT7: Labour cost bonus | AU7: Gross wage | AV7: Taxable Income | AW7: Tax Collected | AX7: Social charges | AY7: Income after Tax
J8: Start time | K8: End time | L8: Start time | M8: End time | N8: Start time | O8: End time | P8: Start time | Q8: End time | R8: Start time | S8: End time | T8: Start time | U8: End time | V8: Start time | W8: End time | BB8: heures hors dimanche | BC8: ratio semaine | BD8: wage sem | BE8: heures dimanche | BF8: ratio dimanche | BG8: wage dimanche
I9: Employee 1 | J9: 0.83333333 | K9: 0.625 | L9: 0.875 | M9: 0.16666667 | N9: 0.95833333 | O9: 1 | P9: 1.0416667 | Q9: 1.6666667 | T9: 1.3333333 | U9: 1.4166667 | V9: 1.3333333 | W9: 1.4166667 | X9: =IF(COUNTBLANK(J9:W9)>=Tables!$B$34,COUNTA(J9:W9)/Tables!$B$34,"ERROR WORKING DAYS") -> 6 | Y9: =W9-V9 -> 0.083333333 | Z9: =IF(AE9<(Tables!$F$8/Tables!$F$17),0,AE9-(Tables!$F$8/Tables!$F$17)) -> 0.29166667 | AA9: =AE9-Z9 -> 1.625 | AB9: =AA9*Tables!$F$17*AJ9 -> 409.5 | AC9: =IF(Z9>0,IF((Z9*Tables!$F$17)>$AB$37,((Z9*Tables!$F$17)-$AB$37)*$AC$37*AJ9+($AB$36*$AC$36*AJ9),(Z9*Tables!F17)*$AC$36*AJ9),) -> 94.5 | AE9: =MOD(K9-J9,1)+MOD(M9-L9,1)+MOD(O9-N9,1)+MOD(Q9-P9,1)+MOD(S9-R9,1)+MOD(U9-T9,1)+MOD(W9-V9,1) -> 1.9166667 | AF9: =IF(AH9=Tables!$E$3,IF('Henri''s Hotel'!AG9=Tables!$A$4,'Henri''s Hotel'!AE9,0),0) -> 0 | AG9: Housekeeping | AH9: Manager | AI9: =INDEX(Tables!$F$3:$F$5,MATCH('Henri''s Hotel'!AH9,Tables!$E$3:$E$5,0)) -> 1.5 | AJ9: =INDEX(Tables!$F$3:$F$5,MATCH('Henri''s Hotel'!AH9,Tables!$E$3:$E$5,0))*INDEX(Tables!$B$3:$B$6,MATCH('Henri''s Hotel'!AG9,Tables!$A$3:$A$6,0)) -> 10.5 | AK9: =INDEX(Tables!$H$8:$H$10,MATCH(MOD(K9-J9,1)+MOD(M9-L9,1)+MOD(O9-N9,1)+MOD(Q9-P9,1)+MOD(S9-R9,1)+MOD(U9-T9,1),Tables!$D$8:$D$10,1))*AJ9*(MOD(K9-J9,1)+MOD(M9-L9,1)+MOD(O9-N9,1)+MOD(Q9-P9,1)+MOD(S9-R9,1)+MOD(U9-T9,1))*24+INDEX(Tables!$K$8:$K$10,MATCH(AE9,Tables!$D$8:$D$10,1))*(MOD(W9-V9,1)*24)*AJ9 -> 640.5 | AL9: =IF(AH9=Tables!$E$3,IF('Henri''s Hotel'!AG9=Tables!$A$4,('Henri''s Hotel'!AE9/'Henri''s Hotel'!$AE$30)*'Henri''s Hotel'!$AE$31,),0) -> 0 | AO9: Single | AP9: 0 | AQ9: =INDEX(Tables!$B$15:$B$17,MATCH('Henri''s Hotel'!AO9,Tables!$A$15:$A$17,0))+INDEX(Tables!$B$20:$B$32,MATCH('Henri''s Hotel'!AP9,Tables!$A$20:$A$32,0)) -> 5000 | AR9: =IF(AE9>0,IF(AH9=Tables!$E$5,'Henri''s Hotel'!$M$32/'Henri''s Hotel'!$M$33,)) -> 0.5 | AS9: =IF(AH9=Tables!$E$3,'Henri''s Hotel'!AK9,) -> 0 | AT9: =IF($AS$29<'Hotel occupancy'!$B$13,IF('Henri''s Hotel'!AH9=Tables!$E$5,200,0),) -> 200 | AU9: =(AK9+AL9+AR9+AS9+AT9)*Tables!$F$16 -> 42050 | AV9: =IF(AU9-AQ9>0,AU9-AQ9,0) -> 37050 | AW9: =IF(AO9=Tables!$E$26,IF(AV9<=Tables!$F$27,Tables!$G$27*'Henri''s Hotel'!AV9,IF('Henri''s Hotel'!AV9<Tables!$F$28,Tables!$G$28*'Henri''s Hotel'!AV9,IF('Henri''s Hotel'!AV9<Tables!$F$29,Tables!$G$29*'Henri''s Hotel'!AV9,'Henri''s Hotel'!AV9*Tables!$G$30))),IF(AV9<=Tables!$F$33,Tables!$G$33*'Henri''s Hotel'!AV9,IF('Henri''s Hotel'!AV9<Tables!$F$34,'Henri''s Hotel'!AV9*Tables!$G$34,IF('Henri''s Hotel'!AV9<Tables!$F$35,Tables!$G$35*'Henri''s Hotel'!AV9,'Henri''s Hotel'!AV9*Tables!$G$36)))) -> 15931.5 | AX9: =IF(AU9<=Tables!$F$39,'Henri''s Hotel'!AU9*Tables!$G$39,IF(AU9>Tables!$F$40,Tables!$G$40*'Henri''s Hotel'!AU9,FALSE)) -> 1892.25 | AY9: =AU9-AW9-AX9 -> 24226.25 | BB9: =(MOD(K9-J9,1)+MOD(M9-L9,1)+MOD(O9-N9,1)+MOD(Q9-P9,1)+MOD(S9-R9,1)+MOD(U9-T9,1))*Tables!$F$17 -> 44 | BC9: =INDEX(Tables!$H$8:$H$10,MATCH(MOD(K9-J9,1)+MOD(M9-L9,1)+MOD(O9-N9,1)+MOD(Q9-P9,1)+MOD(S9-R9,1)+MOD(U9-T9,1),Tables!$D$8:$D$10,1)) -> 1.25 | BD9: =BB9*BC9*AJ9 -> 577.5 | BE9: =MOD(W9-V9,1)*24 -> 2 | BF9: =INDEX(Tables!$K$8:$K$10,MATCH(AE9,Tables!$D$8:$D$10,1)) -> 3 | BG9: =BE9*BF9*AJ9 -> 63
I10: Employee 2 | J10: 0.875 | K10: 0.66666667 | L10: 0.91666667 | M10: 0.95833333 | N10: 1 | O10: 1.125 | P10: 1.0833333 | Q10: 0.625 | T10: 1.25 | U10: 0.70833333 | V10: 1.4166667 | W10: 11.916667 | X10: =IF(COUNTBLANK(J10:W10)>=Tables!$B$34,COUNTA(J10:W10)/Tables!$B$34,"ERROR WORKING DAYS") -> 6 | Y10: =W10-V10 -> 10.5 | Z10: =IF(AE10<(Tables!$F$8/Tables!$F$17),0,AE10-(Tables!$F$8/Tables!$F$17)) -> 0.83333333 | AA10: =AE10-Z10 -> 1.625 | AB10: =AA10*Tables!$F$17*AJ10 -> 390 | AC10: =IF(Z10>0,IF((Z10*Tables!$F$17)>$AB$37,((Z10*Tables!$F$17)-$AB$37)*$AC$37*AJ10+($AB$36*$AC$36*AJ10),(Z10*Tables!F18)*$AC$36*AJ10),) -> 285 | AE10: =MOD(K10-J10,1)+MOD(M10-L10,1)+MOD(O10-N10,1)+MOD(Q10-P10,1)+MOD(S10-R10,1)+MOD(U10-T10,1)+MOD(W10-V10,1) -> 2.4583333 | AF10: =IF(AH10=Tables!$E$3,IF('Henri''s Hotel'!AG10=Tables!$A$4,'Henri''s Hotel'!AE10,0),0) -> 0 | AG10: Front Office | AH10: Worker | AI10: =INDEX(Tables!$F$3:$F$5,MATCH('Henri''s Hotel'!AH10,Tables!$E$3:$E$5,0)) -> 1 | AJ10: =INDEX(Tables!$F$3:$F$5,MATCH('Henri''s Hotel'!AH10,Tables!$E$3:$E$5,0))*INDEX(Tables!$B$3:$B$6,MATCH('Henri''s Hotel'!AG10,Tables!$A$3:$A$6,0)) -> 10 | AK10: =INDEX(Tables!$H$8:$H$10,MATCH(MOD(K10-J10,1)+MOD(M10-L10,1)+MOD(O10-N10,1)+MOD(Q10-P10,1)+MOD(S10-R10,1)+MOD(U10-T10,1),Tables!$D$8:$D$10,1))*AJ10*(MOD(K10-J10,1)+MOD(M10-L10,1)+MOD(O10-N10,1)+MOD(Q10-P10,1)+MOD(S10-R10,1)+MOD(U10-T10,1))*24+INDEX(Tables!$K$8:$K$10,MATCH(AE10,Tables!$D$8:$D$10,1))*(MOD(W10-V10,1)*24)*AJ10 -> 1065 | AL10: =IF(AH10=Tables!$E$3,IF('Henri''s Hotel'!AG10=Tables!$A$4,('Henri''s Hotel'!AE10/'Henri''s Hotel'!$AE$30)*'Henri''s Hotel'!$AE$31,),0) -> 0 | AO10: Married | AP10: 1 | AQ10: =INDEX(Tables!$B$15:$B$17,MATCH('Henri''s Hotel'!AO10,Tables!$A$15:$A$17,0))+INDEX(Tables!$B$20:$B$32,MATCH('Henri''s Hotel'!AP10,Tables!$A$20:$A$32,0)) -> 7800 | AR10: =IF(AE10>0,IF(AH10=Tables!$E$5,'Henri''s Hotel'!$M$32/'Henri''s Hotel'!$M$33,)) -> 0 | AS10: =IF(AH10=Tables!$E$3,'Henri''s Hotel'!AK10,) -> 1065 | AT10: =IF($AS$29<'Hotel occupancy'!$B$13,IF('Henri''s Hotel'!AH10=Tables!$E$5,200,0),) -> 0 | AU10: =(AK10+AL10+AR10+AS10+AT10)*Tables!$F$16 -> 106500 | AV10: =IF(AU10-AQ10>0,AU10-AQ10,0) -> 98700 | AW10: =IF(AO10=Tables!$E$26,IF(AV10<=Tables!$F$27,Tables!$G$27*'Henri''s Hotel'!AV10,IF('Henri''s Hotel'!AV10<Tables!$F$28,Tables!$G$28*'Henri''s Hotel'!AV10,IF('Henri''s Hotel'!AV10<Tables!$F$29,Tables!$G$29*'Henri''s Hotel'!AV10,'Henri''s Hotel'!AV10*Tables!$G$30))),IF(AV10<=Tables!$F$33,Tables!$G$33*'Henri''s Hotel'!AV10,IF('Henri''s Hotel'!AV10<Tables!$F$34,'Henri''s Hotel'!AV10*Tables!$G$34,IF('Henri''s Hotel'!AV10<Tables!$F$35,Tables!$G$35*'Henri''s Hotel'!AV10,'Henri''s Hotel'!AV10*Tables!$G$36)))) -> 42441 | AX10: =IF(AU10<=Tables!$F$39,'Henri''s Hotel'!AU10*Tables!$G$39,IF(AU10>Tables!$F$40,Tables!$G$40*'Henri''s Hotel'!AU10,FALSE)) -> 4792.5 | AY10: =AU10-AW10-AX10 -> 59266.5 | BB10: =(MOD(K10-J10,1)+MOD(M10-L10,1)+MOD(O10-N10,1)+MOD(Q10-P10,1)+MOD(S10-R10,1)+MOD(U10-T10,1))*Tables!$F$17 -> 47 | BC10: =INDEX(Tables!$H$8:$H$10,MATCH(MOD(K10-J10,1)+MOD(M10-L10,1)+MOD(O10-N10,1)+MOD(Q10-P10,1)+MOD(S10-R10,1)+MOD(U10-T10,1),Tables!$D$8:$D$10,1)) -> 1.5 | BD10: =BB10*BC10*AJ10 -> 705 | BE10: =MOD(W10-V10,1)*24 -> 12 | BF10: =INDEX(Tables!$K$8:$K$10,MATCH(AE10,Tables!$D$8:$D$10,1)) -> 3 | BG10: =BE10*BF10*AJ10 -> 360
I11: Employee 3 | J11: 0.41666667 | K11: 0.70833333 | N11: 0.041666667 | O11: 1.0833333 | P11: 1.125 | Q11: 1.1666667 | R11: 1.2083333 | S11: 1.25 | V11: 1.375 | W11: 1.4166667 | X11: =IF(COUNTBLANK(J11:W11)>=Tables!$B$34,COUNTA(J11:W11)/Tables!$B$34,"ERROR WORKING DAYS") -> 5 | Y11: =W11-V11 -> 0.041666667 | Z11: =IF(AE11<(Tables!$F$8/Tables!$F$17),0,AE11-(Tables!$F$8/Tables!$F$17)) -> 0 | AA11: =AE11-Z11 -> 0.45833333 | AB11: =AA11*Tables!$F$17*AJ11 -> 110 | AC11: =IF(Z11>0,IF((Z11*Tables!$F$17)>$AB$37,((Z11*Tables!$F$17)-$AB$37)*$AC$37*AJ11+($AB$36*$AC$36*AJ11),(Z11*Tables!F19)*$AC$36*AJ11),) -> 0 | AE11: =MOD(K11-J11,1)+MOD(M11-L11,1)+MOD(O11-N11,1)+MOD(Q11-P11,1)+MOD(S11-R11,1)+MOD(U11-T11,1)+MOD(W11-V11,1) -> 0.45833333 | AF11: =IF(AH11=Tables!$E$3,IF('Henri''s Hotel'!AG11=Tables!$A$4,'Henri''s Hotel'!AE11,0),0) -> 0 | AG11: F&B | AH11: Supervisor | AI11: =INDEX(Tables!$F$3:$F$5,MATCH('Henri''s Hotel'!AH11,Tables!$E$3:$E$5,0)) -> 1.25 | AJ11: =INDEX(Tables!$F$3:$F$5,MATCH('Henri''s Hotel'!AH11,Tables!$E$3:$E$5,0))*INDEX(Tables!$B$3:$B$6,MATCH('Henri''s Hotel'!AG11,Tables!$A$3:$A$6,0)) -> 10 | AK11: =INDEX(Tables!$H$8:$H$10,MATCH(MOD(K11-J11,1)+MOD(M11-L11,1)+MOD(O11-N11,1)+MOD(Q11-P11,1)+MOD(S11-R11,1)+MOD(U11-T11,1),Tables!$D$8:$D$10,1))*AJ11*(MOD(K11-J11,1)+MOD(M11-L11,1)+MOD(O11-N11,1)+MOD(Q11-P11,1)+MOD(S11-R11,1)+MOD(U11-T11,1))*24+INDEX(Tables!$K$8:$K$10,MATCH(AE11,Tables!$D$8:$D$10,1))*(MOD(W11-V11,1)*24)*AJ11 -> 120 | AL11: =IF(AH11=Tables!$E$3,IF('Henri''s Hotel'!AG11=Tables!$A$4,('Henri''s Hotel'!AE11/'Henri''s Hotel'!$AE$30)*'Henri''s Hotel'!$AE$31,),0) -> 0 | AO11: Married | AP11: 1 | AQ11: =INDEX(Tables!$B$15:$B$17,MATCH('Henri''s Hotel'!AO11,Tables!$A$15:$A$17,0))+INDEX(Tables!$B$20:$B$32,MATCH('Henri''s Hotel'!AP11,Tables!$A$20:$A$32,0)) -> 7800 | AR11: =IF(AE11>0,IF(AH11=Tables!$E$5,'Henri''s Hotel'!$M$32/'Henri''s Hotel'!$M$33,)) -> 0 | AS11: =IF(AH11=Tables!$E$3,'Henri''s Hotel'!AK11,) -> 0 | AT11: =IF($AS$29<'Hotel occupancy'!$B$13,IF('Henri''s Hotel'!AH11=Tables!$E$5,200,0),) -> 0 | AU11: =(AK11+AL11+AR11+AS11+AT11)*Tables!$F$16 -> 6000 | AV11: =IF(AU11-AQ11>0,AU11-AQ11,0) -> 0 | AW11: =IF(AO11=Tables!$E$26,IF(AV11<=Tables!$F$27,Tables!$G$27*'Henri''s Hotel'!AV11,IF('Henri''s Hotel'!AV11<Tables!$F$28,Tables!$G$28*'Henri''s Hotel'!AV11,IF('Henri''s Hotel'!AV11<Tables!$F$29,Tables!$G$29*'Henri''s Hotel'!AV11,'Henri''s Hotel'!AV11*Tables!$G$30))),IF(AV11<=Tables!$F$33,Tables!$G$33*'Henri''s Hotel'!AV11,IF('Henri''s Hotel'!AV11<Tables!$F$34,'Henri''s Hotel'!AV11*Tables!$G$34,IF('Henri''s Hotel'!AV11<Tables!$F$35,Tables!$G$35*'Henri''s Hotel'!AV11,'Henri''s Hotel'!AV11*Tables!$G$36)))) -> 0 | AX11: =IF(AU11<=Tables!$F$39,'Henri''s Hotel'!AU11*Tables!$G$39,IF(AU11>Tables!$F$40,Tables!$G$40*'Henri''s Hotel'!AU11,FALSE)) -> 330 | AY11: =AU11-AW11-AX11 -> 5670 | BB11: =(MOD(K11-J11,1)+MOD(M11-L11,1)+MOD(O11-N11,1)+MOD(Q11-P11,1)+MOD(S11-R11,1)+MOD(U11-T11,1))*Tables!$F$17 -> 10 | BC11: =INDEX(Tables!$H$8:$H$10,MATCH(MOD(K11-J11,1)+MOD(M11-L11,1)+MOD(O11-N11,1)+MOD(Q11-P11,1)+MOD(S11-R11,1)+MOD(U11-T11,1),Tables!$D$8:$D$10,1)) -> 1 | BD11: =BB11*BC11*AJ11 -> 100 | BE11: =MOD(W11-V11,1)*24 -> 1 | BF11: =INDEX(Tables!$K$8:$K$10,MATCH(AE11,Tables!$D$8:$D$10,1)) -> 2 | BG11: =BE11*BF11*AJ11 -> 20
I12: Employee 4 | J12: 0.95833333 | K12: 0.75 | N12: 0.083333333 | O12: 1.125 | P12: 1.1666667 | Q12: 1.2083333 | R12: 1.25 | S12: 1.2916667 | T12: 1.3333333 | U12: 1.375 | V12: 1.4166667 | W12: 1.4583333 | X12: =IF(COUNTBLANK(J12:W12)>=Tables!$B$34,COUNTA(J12:W12)/Tables!$B$34,"ERROR WORKING DAYS") -> 6 | Y12: =W12-V12 -> 0.041666667 | Z12: =IF(AE12<(Tables!$F$8/Tables!$F$17),0,AE12-(Tables!$F$8/Tables!$F$17)) -> 0 | AA12: =AE12-Z12 -> 1 | AB12: =AA12*Tables!$F$17*AJ12 -> 240 | AC12: =IF(Z12>0,IF((Z12*Tables!$F$17)>$AB$37,((Z12*Tables!$F$17)-$AB$37)*$AC$37*AJ12+($AB$36*$AC$36*AJ12),(Z12*Tables!F20)*$AC$36*AJ12),) -> 0 | AE12: =MOD(K12-J12,1)+MOD(M12-L12,1)+MOD(O12-N12,1)+MOD(Q12-P12,1)+MOD(S12-R12,1)+MOD(U12-T12,1)+MOD(W12-V12,1) -> 1 | AF12: =IF(AH12=Tables!$E$3,IF('Henri''s Hotel'!AG12=Tables!$A$4,'Henri''s Hotel'!AE12,0),0) -> 0 | AG12: Front Office | AH12: Worker | AI12: =INDEX(Tables!$F$3:$F$5,MATCH('Henri''s Hotel'!AH12,Tables!$E$3:$E$5,0)) -> 1 | AJ12: =INDEX(Tables!$F$3:$F$5,MATCH('Henri''s Hotel'!AH12,Tables!$E$3:$E$5,0))*INDEX(Tables!$B$3:$B$6,MATCH('Henri''s Hotel'!AG12,Tables!$A$3:$A$6,0)) -> 10 | AK12: =INDEX(Tables!$H$8:$H$10,MATCH(MOD(K12-J12,1)+MOD(M12-L12,1)+MOD(O12-N12,1)+MOD(Q12-P12,1)+MOD(S12-R12,1)+MOD(U12-T12,1),Tables!$D$8:$D$10,1))*AJ12*(MOD(K12-J12,1)+MOD(M12-L12,1)+MOD(O12-N12,1)+MOD(Q12-P12,1)+MOD(S12-R12,1)+MOD(U12-T12,1))*24+INDEX(Tables!$K$8:$K$10,MATCH(AE12,Tables!$D$8:$D$10,1))*(MOD(W12-V12,1)*24)*AJ12 -> 250 | AL12: =IF(AH12=Tables!$E$3,IF('Henri''s Hotel'!AG12=Tables!$A$4,('Henri''s Hotel'!AE12/'Henri''s Hotel'!$AE$30)*'Henri''s Hotel'!$AE$31,),0) -> 0 | AO12: Married | AP12: 1 | AQ12: =INDEX(Tables!$B$15:$B$17,MATCH('Henri''s Hotel'!AO12,Tables!$A$15:$A$17,0))+INDEX(Tables!$B$20:$B$32,MATCH('Henri''s Hotel'!AP12,Tables!$A$20:$A$32,0)) -> 7800 | AR12: =IF(AE12>0,IF(AH12=Tables!$E$5,'Henri''s Hotel'!$M$32/'Henri''s Hotel'!$M$33,)) -> 0 | AS12: =IF(AH12=Tables!$E$3,'Henri''s Hotel'!AK12,) -> 250 | AT12: =IF($AS$29<'Hotel occupancy'!$B$13,IF('Henri''s Hotel'!AH12=Tables!$E$5,200,0),) -> 0 | AU12: =(AK12+AL12+AR12+AS12+AT12)*Tables!$F$16 -> 25000 | AV12: =IF(AU12-AQ12>0,AU12-AQ12,0) -> 17200 | AW12: =IF(AO12=Tables!$E$26,IF(AV12<=Tables!$F$27,Tables!$G$27*'Henri''s Hotel'!AV12,IF('Henri''s Hotel'!AV12<Tables!$F$28,Tables!$G$28*'Henri''s Hotel'!AV12,IF('Henri''s Hotel'!AV12<Tables!$F$29,Tables!$G$29*'Henri''s Hotel'!AV12,'Henri''s Hotel'!AV12*Tables!$G$30))),IF(AV12<=Tables!$F$33,Tables!$G$33*'Henri''s Hotel'!AV12,IF('Henri''s Hotel'!AV12<Tables!$F$34,'Henri''s Hotel'!AV12*Tables!$G$34,IF('Henri''s Hotel'!AV12<Tables!$F$35,Tables!$G$35*'Henri''s Hotel'!AV12,'Henri''s Hotel'!AV12*Tables!$G$36)))) -> 6364 | AX12: =IF(AU12<=Tables!$F$39,'Henri''s Hotel'!AU12*Tables!$G$39,IF(AU12>Tables!$F$40,Tables!$G$40*'Henri''s Hotel'!AU12,FALSE)) -> 1375 | AY12: =AU12-AW12-AX12 -> 17261 | BB12: =(MOD(K12-J12,1)+MOD(M12-L12,1)+MOD(O12-N12,1)+MOD(Q12-P12,1)+MOD(S12-R12,1)+MOD(U12-T12,1))*Tables!$F$17 -> 23 | BC12: =INDEX(Tables!$H$8:$H$10,MATCH(MOD(K12-J12,1)+MOD(M12-L12,1)+MOD(O12-N12,1)+MOD(Q12-P12,1)+MOD(S12-R12,1)+MOD(U12-T12,1),Tables!$D$8:$D$10,1)) -> 1 | BD12: =BB12*BC12*AJ12 -> 230 | BE12: =MOD(W12-V12,1)*24 -> 1 | BF12: =INDEX(Tables!$K$8:$K$10,MATCH(AE12,Tables!$D$8:$D$10,1)) -> 2 | BG12: =BE12*BF12*AJ12 -> 20
I13: Employee 5 | J13: 12 | K13: 0.79166667 | L13: 0.041666667 | M13: 0.083333333 | P13: 1.2083333 | Q13: 1.25 | R13: 1.2916667 | S13: 1.3333333 | T13: 1.375 | U13: 1.4166667 | V13: 1.4583333 | W13: 1.5 | X13: =IF(COUNTBLANK(J13:W13)>=Tables!$B$34,COUNTA(J13:W13)/Tables!$B$34,"ERROR WORKING DAYS") -> 6 | Y13: =W13-V13 -> 0.041666667 | Z13: =IF(AE13<(Tables!$F$8/Tables!$F$17),0,AE13-(Tables!$F$8/Tables!$F$17)) -> 0 | AA13: =AE13-Z13 -> 1 | AB13: =AA13*Tables!$F$17*AJ13 -> 360 | AC13: =IF(Z13>0,IF((Z13*Tables!$F$17)>$AB$37,((Z13*Tables!$F$17)-$AB$37)*$AC$37*AJ13+($AB$36*$AC$36*AJ13),(Z13*Tables!F21)*$AC$36*AJ13),) -> 0 | AE13: =MOD(K13-J13,1)+MOD(M13-L13,1)+MOD(O13-N13,1)+MOD(Q13-P13,1)+MOD(S13-R13,1)+MOD(U13-T13,1)+MOD(W13-V13,1) -> 1 | AF13: =IF(AH13=Tables!$E$3,IF('Henri''s Hotel'!AG13=Tables!$A$4,'Henri''s Hotel'!AE13,0),0) -> 0 | AG13: Front Office | AH13: Manager | AI13: =INDEX(Tables!$F$3:$F$5,MATCH('Henri''s Hotel'!AH13,Tables!$E$3:$E$5,0)) -> 1.5 | AJ13: =INDEX(Tables!$F$3:$F$5,MATCH('Henri''s Hotel'!AH13,Tables!$E$3:$E$5,0))*INDEX(Tables!$B$3:$B$6,MATCH('Henri''s Hotel'!AG13,Tables!$A$3:$A$6,0)) -> 15 | AK13: =INDEX(Tables!$H$8:$H$10,MATCH(MOD(K13-J13,1)+MOD(M13-L13,1)+MOD(O13-N13,1)+MOD(Q13-P13,1)+MOD(S13-R13,1)+MOD(U13-T13,1),Tables!$D$8:$D$10,1))*AJ13*(MOD(K13-J13,1)+MOD(M13-L13,1)+MOD(O13-N13,1)+MOD(Q13-P13,1)+MOD(S13-R13,1)+MOD(U13-T13,1))*24+INDEX(Tables!$K$8:$K$10,MATCH(AE13,Tables!$D$8:$D$10,1))*(MOD(W13-V13,1)*24)*AJ13 -> 375 | AL13: =IF(AH13=Tables!$E$3,IF('Henri''s Hotel'!AG13=Tables!$A$4,('Henri''s Hotel'!AE13/'Henri''s Hotel'!$AE$30)*'Henri''s Hotel'!$AE$31,),0) -> 0 | AO13: Married | AP13: 1 | AQ13: =INDEX(Tables!$B$15:$B$17,MATCH('Henri''s Hotel'!AO13,Tables!$A$15:$A$17,0))+INDEX(Tables!$B$20:$B$32,MATCH('Henri''s Hotel'!AP13,Tables!$A$20:$A$32,0)) -> 7800 | AR13: =IF(AE13>0,IF(AH13=Tables!$E$5,'Henri''s Hotel'!$M$32/'Henri''s Hotel'!$M$33,)) -> 0.5 | AS13: =IF(AH13=Tables!$E$3,'Henri''s Hotel'!AK13,) -> 0 | AT13: =IF($AS$29<'Hotel occupancy'!$B$13,IF('Henri''s Hotel'!AH13=Tables!$E$5,200,0),) -> 200 | AU13: =(AK13+AL13+AR13+AS13+AT13)*Tables!$F$16 -> 28775 | AV13: =IF(AU13-AQ13>0,AU13-AQ13,0) -> 20975 | AW13: =IF(AO13=Tables!$E$26,IF(AV13<=Tables!$F$27,Tables!$G$27*'Henri''s Hotel'!AV13,IF('Henri''s Hotel'!AV13<Tables!$F$28,Tables!$G$28*'Henri''s Hotel'!AV13,IF('Henri''s Hotel'!AV13<Tables!$F$29,Tables!$G$29*'Henri''s Hotel'!AV13,'Henri''s Hotel'!AV13*Tables!$G$30))),IF(AV13<=Tables!$F$33,Tables!$G$33*'Henri''s Hotel'!AV13,IF('Henri''s Hotel'!AV13<Tables!$F$34,'Henri''s Hotel'!AV13*Tables!$G$34,IF('Henri''s Hotel'!AV13<Tables!$F$35,Tables!$G$35*'Henri''s Hotel'!AV13,'Henri''s Hotel'!AV13*Tables!$G$36)))) -> 7760.75 | AX13: =IF(AU13<=Tables!$F$39,'Henri''s Hotel'!AU13*Tables!$G$39,IF(AU13>Tables!$F$40,Tables!$G$40*'Henri''s Hotel'!AU13,FALSE)) -> 1582.625 | AY13: =AU13-AW13-AX13 -> 19431.625 | BB13: =(MOD(K13-J13,1)+MOD(M13-L13,1)+MOD(O13-N13,1)+MOD(Q13-P13,1)+MOD(S13-R13,1)+MOD(U13-T13,1))*Tables!$F$17 -> 23 | BC13: =INDEX(Tables!$H$8:$H$10,MATCH(MOD(K13-J13,1)+MOD(M13-L13,1)+MOD(O13-N13,1)+MOD(Q13-P13,1)+MOD(S13-R13,1)+MOD(U13-T13,1),Tables!$D$8:$D$10,1)) -> 1 | BD13: =BB13*BC13*AJ13 -> 345 | BE13: =MOD(W13-V13,1)*24 -> 1 | BF13: =INDEX(Tables!$K$8:$K$10,MATCH(AE13,Tables!$D$8:$D$10,1)) -> 2 | BG13: =BE13*BF13*AJ13 -> 30
I14: Employee 6 | J14: 0.041666667 | K14: 0.83333333 | L14: 0.083333333 | M14: 0.125 | P14: 1.25 | Q14: 1.2916667 | R14: 1.3333333 | S14: 1.375 | T14: 1.4166667 | U14: 1.4583333 | V14: 1.5 | W14: 1.5416667 | X14: =IF(COUNTBLANK(J14:W14)>=Tables!$B$34,COUNTA(J14:W14)/Tables!$B$34,"ERROR WORKING DAYS") -> 6 | Y14: =W14-V14 -> 0.041666667 | Z14: =IF(AE14<(Tables!$F$8/Tables!$F$17),0,AE14-(Tables!$F$8/Tables!$F$17)) -> 0 | AA14: =AE14-Z14 -> 1 | AB14: =AA14*Tables!$F$17*AJ14 -> 360 | AC14: =IF(Z14>0,IF((Z14*Tables!$F$17)>$AB$37,((Z14*Tables!$F$17)-$AB$37)*$AC$37*AJ14+($AB$36*$AC$36*AJ14),(Z14*Tables!F22)*$AC$36*AJ14),) -> 0 | AE14: =MOD(K14-J14,1)+MOD(M14-L14,1)+MOD(O14-N14,1)+MOD(Q14-P14,1)+MOD(S14-R14,1)+MOD(U14-T14,1)+MOD(W14-V14,1) -> 1 | AF14: =IF(AH14=Tables!$E$3,IF('Henri''s Hotel'!AG14=Tables!$A$4,'Henri''s Hotel'!AE14,0),0) -> 0 | AG14: Front Office | AH14: Manager | AI14: =INDEX(Tables!$F$3:$F$5,MATCH('Henri''s Hotel'!AH14,Tables!$E$3:$E$5,0)) -> 1.5 | AJ14: =INDEX(Tables!$F$3:$F$5,MATCH('Henri''s Hotel'!AH14,Tables!$E$3:$E$5,0))*INDEX(Tables!$B$3:$B$6,MATCH('Henri''s Hotel'!AG14,Tables!$A$3:$A$6,0)) -> 15 | AK14: =INDEX(Tables!$H$8:$H$10,MATCH(MOD(K14-J14,1)+MOD(M14-L14,1)+MOD(O14-N14,1)+MOD(Q14-P14,1)+MOD(S14-R14,1)+MOD(U14-T14,1),Tables!$D$8:$D$10,1))*AJ14*(MOD(K14-J14,1)+MOD(M14-L14,1)+MOD(O14-N14,1)+MOD(Q14-P14,1)+MOD(S14-R14,1)+MOD(U14-T14,1))*24+INDEX(Tables!$K$8:$K$10,MATCH(AE14,Tables!$D$8:$D$10,1))*(MOD(W14-V14,1)*24)*AJ14 -> 375 | AL14: =IF(AH14=Tables!$E$3,IF('Henri''s Hotel'!AG14=Tables!$A$4,('Henri''s Hotel'!AE14/'Henri''s Hotel'!$AE$30)*'Henri''s Hotel'!$AE$31,),0) -> 0 | AO14: Married | AP14: 0 | AQ14: =INDEX(Tables!$B$15:$B$17,MATCH('Henri''s Hotel'!AO14,Tables!$A$15:$A$17,0))+INDEX(Tables!$B$20:$B$32,MATCH('Henri''s Hotel'!AP14,Tables!$A$20:$A$32,0)) -> 7000 | AR14: =IF(AE14>0,IF(AH14=Tables!$E$5,'Henri''s Hotel'!$M$32/'Henri''s Hotel'!$M$33,)) -> 0.5 | AS14: =IF(AH14=Tables!$E$3,'Henri''s Hotel'!AK14,) -> 0 | AT14: =IF($AS$29<'Hotel occupancy'!$B$13,IF('Henri''s Hotel'!AH14=Tables!$E$5,200,0),) -> 200 | AU14: =(AK14+AL14+AR14+AS14+AT14)*Tables!$F$16 -> 28775 | AV14: =IF(AU14-AQ14>0,AU14-AQ14,0) -> 21775 | AW14: =IF(AO14=Tables!$E$26,IF(AV14<=Tables!$F$27,Tables!$G$27*'Henri''s Hotel'!AV14,IF('Henri''s Hotel'!AV14<Tables!$F$28,Tables!$G$28*'Henri''s Hotel'!AV14,IF('Henri''s Hotel'!AV14<Tables!$F$29,Tables!$G$29*'Henri''s Hotel'!AV14,'Henri''s Hotel'!AV14*Tables!$G$30))),IF(AV14<=Tables!$F$33,Tables!$G$33*'Henri''s Hotel'!AV14,IF('Henri''s Hotel'!AV14<Tables!$F$34,'Henri''s Hotel'!AV14*Tables!$G$34,IF('Henri''s Hotel'!AV14<Tables!$F$35,Tables!$G$35*'Henri''s Hotel'!AV14,'Henri''s Hotel'!AV14*Tables!$G$36)))) -> 8056.75 | AX14: =IF(AU14<=Tables!$F$39,'Henri''s Hotel'!AU14*Tables!$G$39,IF(AU14>Tables!$F$40,Tables!$G$40*'Henri''s Hotel'!AU14,FALSE)) -> 1582.625 | AY14: =AU14-AW14-AX14 -> 19135.625 | BB14: =(MOD(K14-J14,1)+MOD(M14-L14,1)+MOD(O14-N14,1)+MOD(Q14-P14,1)+MOD(S14-R14,1)+MOD(U14-T14,1))*Tables!$F$17 -> 23 | BC14: =INDEX(Tables!$H$8:$H$10,MATCH(MOD(K14-J14,1)+MOD(M14-L14,1)+MOD(O14-N14,1)+MOD(Q14-P14,1)+MOD(S14-R14,1)+MOD(U14-T14,1),Tables!$D$8:$D$10,1)) -> 1 | BD14: =BB14*BC14*AJ14 -> 345 | BE14: =MOD(W14-V14,1)*24 -> 1 | BF14: =INDEX(Tables!$K$8:$K$10,MATCH(AE14,Tables!$D$8:$D$10,1)) -> 2 | BG14: =BE14*BF14*AJ14 -> 30
I15: Employee 7 | J15: 0.083333333 | K15: 0.875 | L15: 0.125 | M15: 0.16666667 | N15: 0.20833333 | O15: 1.25 | R15: 1.375 | S15: 1.4166667 | T15: 1.4583333 | U15: 1.5 | V15: 1.5416667 | W15: 1.5833333 | X15: =IF(COUNTBLANK(J15:W15)>=Tables!$B$34,COUNTA(J15:W15)/Tables!$B$34,"ERROR WORKING DAYS") -> 6 | Y15: =W15-V15 -> 0.041666667 | Z15: =IF(AE15<(Tables!$F$8/Tables!$F$17),0,AE15-(Tables!$F$8/Tables!$F$17)) -> 0 | AA15: =AE15-Z15 -> 1 | AB15: =AA15*Tables!$F$17*AJ15 -> 360 | AC15: =IF(Z15>0,IF((Z15*Tables!$F$17)>$AB$37,((Z15*Tables!$F$17)-$AB$37)*$AC$37*AJ15+($AB$36*$AC$36*AJ15),(Z15*Tables!F23)*$AC$36*AJ15),) -> 0 | AE15: =MOD(K15-J15,1)+MOD(M15-L15,1)+MOD(O15-N15,1)+MOD(Q15-P15,1)+MOD(S15-R15,1)+MOD(U15-T15,1)+MOD(W15-V15,1) -> 1 | AF15: =IF(AH15=Tables!$E$3,IF('Henri''s Hotel'!AG15=Tables!$A$4,'Henri''s Hotel'!AE15,0),0) -> 0 | AG15: Front Office | AH15: Manager | AI15: =INDEX(Tables!$F$3:$F$5,MATCH('Henri''s Hotel'!AH15,Tables!$E$3:$E$5,0)) -> 1.5 | AJ15: =INDEX(Tables!$F$3:$F$5,MATCH('Henri''s Hotel'!AH15,Tables!$E$3:$E$5,0))*INDEX(Tables!$B$3:$B$6,MATCH('Henri''s Hotel'!AG15,Tables!$A$3:$A$6,0)) -> 15 | AK15: =INDEX(Tables!$H$8:$H$10,MATCH(MOD(K15-J15,1)+MOD(M15-L15,1)+MOD(O15-N15,1)+MOD(Q15-P15,1)+MOD(S15-R15,1)+MOD(U15-T15,1),Tables!$D$8:$D$10,1))*AJ15*(MOD(K15-J15,1)+MOD(M15-L15,1)+MOD(O15-N15,1)+MOD(Q15-P15,1)+MOD(S15-R15,1)+MOD(U15-T15,1))*24+INDEX(Tables!$K$8:$K$10,MATCH(AE15,Tables!$D$8:$D$10,1))*(MOD(W15-V15,1)*24)*AJ15 -> 375 | AL15: =IF(AH15=Tables!$E$3,IF('Henri''s Hotel'!AG15=Tables!$A$4,('Henri''s Hotel'!AE15/'Henri''s Hotel'!$AE$30)*'Henri''s Hotel'!$AE$31,),0) -> 0 | AO15: Single | AP15: 1 | AQ15: =INDEX(Tables!$B$15:$B$17,MATCH('Henri''s Hotel'!AO15,Tables!$A$15:$A$17,0))+INDEX(Tables!$B$20:$B$32,MATCH('Henri''s Hotel'!AP15,Tables!$A$20:$A$32,0)) -> 5800 | AR15: =IF(AE15>0,IF(AH15=Tables!$E$5,'Henri''s Hotel'!$M$32/'Henri''s Hotel'!$M$33,)) -> 0.5 | AS15: =IF(AH15=Tables!$E$3,'Henri''s Hotel'!AK15,) -> 0 | AT15: =IF($AS$29<'Hotel occupancy'!$B$13,IF('Henri''s Hotel'!AH15=Tables!$E$5,200,0),) -> 200 | AU15: =(AK15+AL15+AR15+AS15+AT15)*Tables!$F$16 -> 28775 | AV15: =IF(AU15-AQ15>0,AU15-AQ15,0) -> 22975 | AW15: =IF(AO15=Tables!$E$26,IF(AV15<=Tables!$F$27,Tables!$G$27*'Henri''s Hotel'!AV15,IF('Henri''s Hotel'!AV15<Tables!$F$28,Tables!$G$28*'Henri''s Hotel'!AV15,IF('Henri''s Hotel'!AV15<Tables!$F$29,Tables!$G$29*'Henri''s Hotel'!AV15,'Henri''s Hotel'!AV15*Tables!$G$30))),IF(AV15<=Tables!$F$33,Tables!$G$33*'Henri''s Hotel'!AV15,IF('Henri''s Hotel'!AV15<Tables!$F$34,'Henri''s Hotel'!AV15*Tables!$G$34,IF('Henri''s Hotel'!AV15<Tables!$F$35,Tables!$G$35*'Henri''s Hotel'!AV15,'Henri''s Hotel'!AV15*Tables!$G$36)))) -> 9879.25 | AX15: =IF(AU15<=Tables!$F$39,'Henri''s Hotel'!AU15*Tables!$G$39,IF(AU15>Tables!$F$40,Tables!$G$40*'Henri''s Hotel'!AU15,FALSE)) -> 1582.625 | AY15: =AU15-AW15-AX15 -> 17313.125 | BB15: =(MOD(K15-J15,1)+MOD(M15-L15,1)+MOD(O15-N15,1)+MOD(Q15-P15,1)+MOD(S15-R15,1)+MOD(U15-T15,1))*Tables!$F$17 -> 23 | BC15: =INDEX(Tables!$H$8:$H$10,MATCH(MOD(K15-J15,1)+MOD(M15-L15,1)+MOD(O15-N15,1)+MOD(Q15-P15,1)+MOD(S15-R15,1)+MOD(U15-T15,1),Tables!$D$8:$D$10,1)) -> 1 | BD15: =BB15*BC15*AJ15 -> 345 | BE15: =MOD(W15-V15,1)*24 -> 1 | BF15: =INDEX(Tables!$K$8:$K$10,MATCH(AE15,Tables!$D$8:$D$10,1)) -> 2 | BG15: =BE15*BF15*AJ15 -> 30
I16: Employee 8 | J16: 0.125 | K16: 0.91666667 | L16: 0.16666667 | M16: 0.20833333 | N16: 0.25 | O16: 1.2916667 | R16: 1.4166667 | S16: 1.4583333 | T16: 1.5 | U16: 1.5416667 | V16: 1.5833333 | W16: 1.625 | X16: =IF(COUNTBLANK(J16:W16)>=Tables!$B$34,COUNTA(J16:W16)/Tables!$B$34,"ERROR WORKING DAYS") -> 6 | Y16: =W16-V16 -> 0.041666667 | Z16: =IF(AE16<(Tables!$F$8/Tables!$F$17),0,AE16-(Tables!$F$8/Tables!$F$17)) -> 0 | AA16: =AE16-Z16 -> 1 | AB16: =AA16*Tables!$F$17*AJ16 -> 360 | AC16: =IF(Z16>0,IF((Z16*Tables!$F$17)>$AB$37,((Z16*Tables!$F$17)-$AB$37)*$AC$37*AJ16+($AB$36*$AC$36*AJ16),(Z16*Tables!F24)*$AC$36*AJ16),) -> 0 | AE16: =MOD(K16-J16,1)+MOD(M16-L16,1)+MOD(O16-N16,1)+MOD(Q16-P16,1)+MOD(S16-R16,1)+MOD(U16-T16,1)+MOD(W16-V16,1) -> 1 | AF16: =IF(AH16=Tables!$E$3,IF('Henri''s Hotel'!AG16=Tables!$A$4,'Henri''s Hotel'!AE16,0),0) -> 0 | AG16: Front Office | AH16: Manager | AI16: =INDEX(Tables!$F$3:$F$5,MATCH('Henri''s Hotel'!AH16,Tables!$E$3:$E$5,0)) -> 1.5 | AJ16: =INDEX(Tables!$F$3:$F$5,MATCH('Henri''s Hotel'!AH16,Tables!$E$3:$E$5,0))*INDEX(Tables!$B$3:$B$6,MATCH('Henri''s Hotel'!AG16,Tables!$A$3:$A$6,0)) -> 15 | AK16: =INDEX(Tables!$H$8:$H$10,MATCH(MOD(K16-J16,1)+MOD(M16-L16,1)+MOD(O16-N16,1)+MOD(Q16-P16,1)+MOD(S16-R16,1)+MOD(U16-T16,1),Tables!$D$8:$D$10,1))*AJ16*(MOD(K16-J16,1)+MOD(M16-L16,1)+MOD(O16-N16,1)+MOD(Q16-P16,1)+MOD(S16-R16,1)+MOD(U16-T16,1))*24+INDEX(Tables!$K$8:$K$10,MATCH(AE16,Tables!$D$8:$D$10,1))*(MOD(W16-V16,1)*24)*AJ16 -> 375 | AL16: =IF(AH16=Tables!$E$3,IF('Henri''s Hotel'!AG16=Tables!$A$4,('Henri''s Hotel'!AE16/'Henri''s Hotel'!$AE$30)*'Henri''s Hotel'!$AE$31,),0) -> 0 | AO16: Married | AP16: 1 | AQ16: =INDEX(Tables!$B$15:$B$17,MATCH('Henri''s Hotel'!AO16,Tables!$A$15:$A$17,0))+INDEX(Tables!$B$20:$B$32,MATCH('Henri''s Hotel'!AP16,Tables!$A$20:$A$32,0)) -> 7800 | AR16: =IF(AE16>0,IF(AH16=Tables!$E$5,'Henri''s Hotel'!$M$32/'Henri''s Hotel'!$M$33,)) -> 0.5 | AS16: =IF(AH16=Tables!$E$3,'Henri''s Hotel'!AK16,) -> 0 | AT16: =IF($AS$29<'Hotel occupancy'!$B$13,IF('Henri''s Hotel'!AH16=Tables!$E$5,200,0),) -> 200 | AU16: =(AK16+AL16+AR16+AS16+AT16)*Tables!$F$16 -> 28775 | AV16: =IF(AU16-AQ16>0,AU16-AQ16,0) -> 20975 | AW16: =IF(AO16=Tables!$E$26,IF(AV16<=Tables!$F$27,Tables!$G$27*'Henri''s Hotel'!AV16,IF('Henri''s Hotel'!AV16<Tables!$F$28,Tables!$G$28*'Henri''s Hotel'!AV16,IF('Henri''s Hotel'!AV16<Tables!$F$29,Tables!$G$29*'Henri''s Hotel'!AV16,'Henri''s Hotel'!AV16*Tables!$G$30))),IF(AV16<=Tables!$F$33,Tables!$G$33*'Henri''s Hotel'!AV16,IF('Henri''s Hotel'!AV16<Tables!$F$34,'Henri''s Hotel'!AV16*Tables!$G$34,IF('Henri''s Hotel'!AV16<Tables!$F$35,Tables!$G$35*'Henri''s Hotel'!AV16,'Henri''s Hotel'!AV16*Tables!$G$36)))) -> 7760.75 | AX16: =IF(AU16<=Tables!$F$39,'Henri''s Hotel'!AU16*Tables!$G$39,IF(AU16>Tables!$F$40,Tables!$G$40*'Henri''s Hotel'!AU16,FALSE)) -> 1582.625 | AY16: =AU16-AW16-AX16 -> 19431.625 | BB16: =(MOD(K16-J16,1)+MOD(M16-L16,1)+MOD(O16-N16,1)+MOD(Q16-P16,1)+MOD(S16-R16,1)+MOD(U16-T16,1))*Tables!$F$17 -> 23 | BC16: =INDEX(Tables!$H$8:$H$10,MATCH(MOD(K16-J16,1)+MOD(M16-L16,1)+MOD(O16-N16,1)+MOD(Q16-P16,1)+MOD(S16-R16,1)+MOD(U16-T16,1),Tables!$D$8:$D$10,1)) -> 1 | BD16: =BB16*BC16*AJ16 -> 345 | BE16: =MOD(W16-V16,1)*24 -> 1 | BF16: =INDEX(Tables!$K$8:$K$10,MATCH(AE16,Tables!$D$8:$D$10,1)) -> 2 | BG16: =BE16*BF16*AJ16 -> 30
I17: Employee 9 | J17: 0.16666667 | K17: 0.95833333 | L17: 0.20833333 | M17: 0.25 | N17: 0.29166667 | O17: 1.3333333 | R17: 1.4583333 | S17: 1.5 | T17: 1.5416667 | U17: 1.5833333 | V17: 1.625 | W17: 1.6666667 | X17: =IF(COUNTBLANK(J17:W17)>=Tables!$B$34,COUNTA(J17:W17)/Tables!$B$34,"ERROR WORKING DAYS") -> 6 | Y17: =W17-V17 -> 0.041666667 | Z17: =IF(AE17<(Tables!$F$8/Tables!$F$17),0,AE17-(Tables!$F$8/Tables!$F$17)) -> 0 | AA17: =AE17-Z17 -> 1 | AB17: =AA17*Tables!$F$17*AJ17 -> 288 | AC17: =IF(Z17>0,IF((Z17*Tables!$F$17)>$AB$37,((Z17*Tables!$F$17)-$AB$37)*$AC$37*AJ17+($AB$36*$AC$36*AJ17),(Z17*Tables!F25)*$AC$36*AJ17),) -> 0 | AE17: =MOD(K17-J17,1)+MOD(M17-L17,1)+MOD(O17-N17,1)+MOD(Q17-P17,1)+MOD(S17-R17,1)+MOD(U17-T17,1)+MOD(W17-V17,1) -> 1 | AF17: =IF(AH17=Tables!$E$3,IF('Henri''s Hotel'!AG17=Tables!$A$4,'Henri''s Hotel'!AE17,0),0) -> 0 | AG17: F&B | AH17: Manager | AI17: =INDEX(Tables!$F$3:$F$5,MATCH('Henri''s Hotel'!AH17,Tables!$E$3:$E$5,0)) -> 1.5 | AJ17: =INDEX(Tables!$F$3:$F$5,MATCH('Henri''s Hotel'!AH17,Tables!$E$3:$E$5,0))*INDEX(Tables!$B$3:$B$6,MATCH('Henri''s Hotel'!AG17,Tables!$A$3:$A$6,0)) -> 12 | AK17: =INDEX(Tables!$H$8:$H$10,MATCH(MOD(K17-J17,1)+MOD(M17-L17,1)+MOD(O17-N17,1)+MOD(Q17-P17,1)+MOD(S17-R17,1)+MOD(U17-T17,1),Tables!$D$8:$D$10,1))*AJ17*(MOD(K17-J17,1)+MOD(M17-L17,1)+MOD(O17-N17,1)+MOD(Q17-P17,1)+MOD(S17-R17,1)+MOD(U17-T17,1))*24+INDEX(Tables!$K$8:$K$10,MATCH(AE17,Tables!$D$8:$D$10,1))*(MOD(W17-V17,1)*24)*AJ17 -> 300 | AL17: =IF(AH17=Tables!$E$3,IF('Henri''s Hotel'!AG17=Tables!$A$4,('Henri''s Hotel'!AE17/'Henri''s Hotel'!$AE$30)*'Henri''s Hotel'!$AE$31,),0) -> 0 | AO17: Married | AP17: 3 | AQ17: =INDEX(Tables!$B$15:$B$17,MATCH('Henri''s Hotel'!AO17,Tables!$A$15:$A$17,0))+INDEX(Tables!$B$20:$B$32,MATCH('Henri''s Hotel'!AP17,Tables!$A$20:$A$32,0)) -> 9400 | AR17: =IF(AE17>0,IF(AH17=Tables!$E$5,'Henri''s Hotel'!$M$32/'Henri''s Hotel'!$M$33,)) -> 0.5 | AS17: =IF(AH17=Tables!$E$3,'Henri''s Hotel'!AK17,) -> 0 | AT17: =IF($AS$29<'Hotel occupancy'!$B$13,IF('Henri''s Hotel'!AH17=Tables!$E$5,200,0),) -> 200 | AU17: =(AK17+AL17+AR17+AS17+AT17)*Tables!$F$16 -> 25025 | AV17: =IF(AU17-AQ17>0,AU17-AQ17,0) -> 15625 | AW17: =IF(AO17=Tables!$E$26,IF(AV17<=Tables!$F$27,Tables!$G$27*'Henri''s Hotel'!AV17,IF('Henri''s Hotel'!AV17<Tables!$F$28,Tables!$G$28*'Henri''s Hotel'!AV17,IF('Henri''s Hotel'!AV17<Tables!$F$29,Tables!$G$29*'Henri''s Hotel'!AV17,'Henri''s Hotel'!AV17*Tables!$G$30))),IF(AV17<=Tables!$F$33,Tables!$G$33*'Henri''s Hotel'!AV17,IF('Henri''s Hotel'!AV17<Tables!$F$34,'Henri''s Hotel'!AV17*Tables!$G$34,IF('Henri''s Hotel'!AV17<Tables!$F$35,Tables!$G$35*'Henri''s Hotel'!AV17,'Henri''s Hotel'!AV17*Tables!$G$36)))) -> 3906.25 | AX17: =IF(AU17<=Tables!$F$39,'Henri''s Hotel'!AU17*Tables!$G$39,IF(AU17>Tables!$F$40,Tables!$G$40*'Henri''s Hotel'!AU17,FALSE)) -> 1376.375 | AY17: =AU17-AW17-AX17 -> 19742.375 | BB17: =(MOD(K17-J17,1)+MOD(M17-L17,1)+MOD(O17-N17,1)+MOD(Q17-P17,1)+MOD(S17-R17,1)+MOD(U17-T17,1))*Tables!$F$17 -> 23 | BC17: =INDEX(Tables!$H$8:$H$10,MATCH(MOD(K17-J17,1)+MOD(M17-L17,1)+MOD(O17-N17,1)+MOD(Q17-P17,1)+MOD(S17-R17,1)+MOD(U17-T17,1),Tables!$D$8:$D$10,1)) -> 1 | BD17: =BB17*BC17*AJ17 -> 276 | BE17: =MOD(W17-V17,1)*24 -> 1 | BF17: =INDEX(Tables!$K$8:$K$10,MATCH(AE17,Tables!$D$8:$D$10,1)) -> 2 | BG17: =BE17*BF17*AJ17 -> 24
I18: Employee 10 | J18: 0.20833333 | K18: 12 | L18: 0.25 | M18: 0.29166667 | N18: 0.33333333 | O18: 1.375 | P18: 1.4166667 | Q18: 1.4583333 | T18: 1.5833333 | U18: 1.625 | V18: 1.6666667 | W18: 1.7083333 | X18: =IF(COUNTBLANK(J18:W18)>=Tables!$B$34,COUNTA(J18:W18)/Tables!$B$34,"ERROR WORKING DAYS") -> 6 | Y18: =W18-V18 -> 0.041666667 | Z18: =IF(AE18<(Tables!$F$8/Tables!$F$17),0,AE18-(Tables!$F$8/Tables!$F$17)) -> 0 | AA18: =AE18-Z18 -> 1 | AB18: =AA18*Tables!$F$17*AJ18 -> 192 | AC18: =IF(Z18>0,IF((Z18*Tables!$F$17)>$AB$37,((Z18*Tables!$F$17)-$AB$37)*$AC$37*AJ18+($AB$36*$AC$36*AJ18),(Z18*Tables!F26)*$AC$36*AJ18),) -> 0 | AE18: =MOD(K18-J18,1)+MOD(M18-L18,1)+MOD(O18-N18,1)+MOD(Q18-P18,1)+MOD(S18-R18,1)+MOD(U18-T18,1)+MOD(W18-V18,1) -> 1 | AF18: =IF(AH18=Tables!$E$3,IF('Henri''s Hotel'!AG18=Tables!$A$4,'Henri''s Hotel'!AE18,0),0) -> 1 | AG18: F&B | AH18: Worker | AI18: =INDEX(Tables!$F$3:$F$5,MATCH('Henri''s Hotel'!AH18,Tables!$E$3:$E$5,0)) -> 1 | AJ18: =INDEX(Tables!$F$3:$F$5,MATCH('Henri''s Hotel'!AH18,Tables!$E$3:$E$5,0))*INDEX(Tables!$B$3:$B$6,MATCH('Henri''s Hotel'!AG18,Tables!$A$3:$A$6,0)) -> 8 | AK18: =INDEX(Tables!$H$8:$H$10,MATCH(MOD(K18-J18,1)+MOD(M18-L18,1)+MOD(O18-N18,1)+MOD(Q18-P18,1)+MOD(S18-R18,1)+MOD(U18-T18,1),Tables!$D$8:$D$10,1))*AJ18*(MOD(K18-J18,1)+MOD(M18-L18,1)+MOD(O18-N18,1)+MOD(Q18-P18,1)+MOD(S18-R18,1)+MOD(U18-T18,1))*24+INDEX(Tables!$K$8:$K$10,MATCH(AE18,Tables!$D$8:$D$10,1))*(MOD(W18-V18,1)*24)*AJ18 -> 200 | AL18: =IF(AH18=Tables!$E$3,IF('Henri''s Hotel'!AG18=Tables!$A$4,('Henri''s Hotel'!AE18/'Henri''s Hotel'!$AE$30)*'Henri''s Hotel'!$AE$31,),0) -> 2 | AO18: Single | AP18: 1 | AQ18: =INDEX(Tables!$B$15:$B$17,MATCH('Henri''s Hotel'!AO18,Tables!$A$15:$A$17,0))+INDEX(Tables!$B$20:$B$32,MATCH('Henri''s Hotel'!AP18,Tables!$A$20:$A$32,0)) -> 5800 | AR18: =IF(AE18>0,IF(AH18=Tables!$E$5,'Henri''s Hotel'!$M$32/'Henri''s Hotel'!$M$33,)) -> 0 | AS18: =IF(AH18=Tables!$E$3,'Henri''s Hotel'!AK18,) -> 200 | AT18: =IF($AS$29<'Hotel occupancy'!$B$13,IF('Henri''s Hotel'!AH18=Tables!$E$5,200,0),) -> 0 | AU18: =(AK18+AL18+AR18+AS18+AT18)*Tables!$F$16 -> 20100 | AV18: =IF(AU18-AQ18>0,AU18-AQ18,0) -> 14300 | AW18: =IF(AO18=Tables!$E$26,IF(AV18<=Tables!$F$27,Tables!$G$27*'Henri''s Hotel'!AV18,IF('Henri''s Hotel'!AV18<Tables!$F$28,Tables!$G$28*'Henri''s Hotel'!AV18,IF('Henri''s Hotel'!AV18<Tables!$F$29,Tables!$G$29*'Henri''s Hotel'!AV18,'Henri''s Hotel'!AV18*Tables!$G$30))),IF(AV18<=Tables!$F$33,Tables!$G$33*'Henri''s Hotel'!AV18,IF('Henri''s Hotel'!AV18<Tables!$F$34,'Henri''s Hotel'!AV18*Tables!$G$34,IF('Henri''s Hotel'!AV18<Tables!$F$35,Tables!$G$35*'Henri''s Hotel'!AV18,'Henri''s Hotel'!AV18*Tables!$G$36)))) -> 6149 | AX18: =IF(AU18<=Tables!$F$39,'Henri''s Hotel'!AU18*Tables!$G$39,IF(AU18>Tables!$F$40,Tables!$G$40*'Henri''s Hotel'!AU18,FALSE)) -> 1105.5 | AY18: =AU18-AW18-AX18 -> 12845.5 | BB18: =(MOD(K18-J18,1)+MOD(M18-L18,1)+MOD(O18-N18,1)+MOD(Q18-P18,1)+MOD(S18-R18,1)+MOD(U18-T18,1))*Tables!$F$17 -> 23 | BC18: =INDEX(Tables!$H$8:$H$10,MATCH(MOD(K18-J18,1)+MOD(M18-L18,1)+MOD(O18-N18,1)+MOD(Q18-P18,1)+MOD(S18-R18,1)+MOD(U18-T18,1),Tables!$D$8:$D$10,1)) -> 1 | BD18: =BB18*BC18*AJ18 -> 184 | BE18: =MOD(W18-V18,1)*24 -> 1 | BF18: =INDEX(Tables!$K$8:$K$10,MATCH(AE18,Tables!$D$8:$D$10,1)) -> 2 | BG18: =BE18*BF18*AJ18 -> 16
I19: Employee 11 | J19: 0.25 | K19: 0.041666667 | L19: 0.29166667 | M19: 0.33333333 | N19: 0.375 | O19: 1.4166667 | P19: 1.4583333 | Q19: 1.5 | T19: 1.625 | U19: 1.6666667 | V19: 1.7083333 | W19: 1.75 | X19: =IF(COUNTBLANK(J19:W19)>=Tables!$B$34,COUNTA(J19:W19)/Tables!$B$34,"ERROR WORKING DAYS") -> 6 | Y19: =W19-V19 -> 0.041666667 | Z19: =IF(AE19<(Tables!$F$8/Tables!$F$17),0,AE19-(Tables!$F$8/Tables!$F$17)) -> 0 | AA19: =AE19-Z19 -> 1 | AB19: =AA19*Tables!$F$17*AJ19 -> 192 | AC19: =IF(Z19>0,IF((Z19*Tables!$F$17)>$AB$37,((Z19*Tables!$F$17)-$AB$37)*$AC$37*AJ19+($AB$36*$AC$36*AJ19),(Z19*Tables!F27)*$AC$36*AJ19),) -> 0 | AE19: =MOD(K19-J19,1)+MOD(M19-L19,1)+MOD(O19-N19,1)+MOD(Q19-P19,1)+MOD(S19-R19,1)+MOD(U19-T19,1)+MOD(W19-V19,1) -> 1 | AF19: =IF(AH19=Tables!$E$3,IF('Henri''s Hotel'!AG19=Tables!$A$4,'Henri''s Hotel'!AE19,0),0) -> 1 | AG19: F&B | AH19: Worker | AI19: =INDEX(Tables!$F$3:$F$5,MATCH('Henri''s Hotel'!AH19,Tables!$E$3:$E$5,0)) -> 1 | AJ19: =INDEX(Tables!$F$3:$F$5,MATCH('Henri''s Hotel'!AH19,Tables!$E$3:$E$5,0))*INDEX(Tables!$B$3:$B$6,MATCH('Henri''s Hotel'!AG19,Tables!$A$3:$A$6,0)) -> 8 | AK19: =INDEX(Tables!$H$8:$H$10,MATCH(MOD(K19-J19,1)+MOD(M19-L19,1)+MOD(O19-N19,1)+MOD(Q19-P19,1)+MOD(S19-R19,1)+MOD(U19-T19,1),Tables!$D$8:$D$10,1))*AJ19*(MOD(K19-J19,1)+MOD(M19-L19,1)+MOD(O19-N19,1)+MOD(Q19-P19,1)+MOD(S19-R19,1)+MOD(U19-T19,1))*24+INDEX(Tables!$K$8:$K$10,MATCH(AE19,Tables!$D$8:$D$10,1))*(MOD(W19-V19,1)*24)*AJ19 -> 200 | AL19: =IF(AH19=Tables!$E$3,IF('Henri''s Hotel'!AG19=Tables!$A$4,('Henri''s Hotel'!AE19/'Henri''s Hotel'!$AE$30)*'Henri''s Hotel'!$AE$31,),0) -> 2 | AO19: Married | AP19: 1 | AQ19: =INDEX(Tables!$B$15:$B$17,MATCH('Henri''s Hotel'!AO19,Tables!$A$15:$A$17,0))+INDEX(Tables!$B$20:$B$32,MATCH('Henri''s Hotel'!AP19,Tables!$A$20:$A$32,0)) -> 7800 | AR19: =IF(AE19>0,IF(AH19=Tables!$E$5,'Henri''s Hotel'!$M$32/'Henri''s Hotel'!$M$33,)) -> 0 | AS19: =IF(AH19=Tables!$E$3,'Henri''s Hotel'!AK19,) -> 200 | AT19: =IF($AS$29<'Hotel occupancy'!$B$13,IF('Henri''s Hotel'!AH19=Tables!$E$5,200,0),) -> 0 | AU19: =(AK19+AL19+AR19+AS19+AT19)*Tables!$F$16 -> 20100 | AV19: =IF(AU19-AQ19>0,AU19-AQ19,0) -> 12300 | AW19: =IF(AO19=Tables!$E$26,IF(AV19<=Tables!$F$27,Tables!$G$27*'Henri''s Hotel'!AV19,IF('Henri''s Hotel'!AV19<Tables!$F$28,Tables!$G$28*'Henri''s Hotel'!AV19,IF('Henri''s Hotel'!AV19<Tables!$F$29,Tables!$G$29*'Henri''s Hotel'!AV19,'Henri''s Hotel'!AV19*Tables!$G$30))),IF(AV19<=Tables!$F$33,Tables!$G$33*'Henri''s Hotel'!AV19,IF('Henri''s Hotel'!AV19<Tables!$F$34,'Henri''s Hotel'!AV19*Tables!$G$34,IF('Henri''s Hotel'!AV19<Tables!$F$35,Tables!$G$35*'Henri''s Hotel'!AV19,'Henri''s Hotel'!AV19*Tables!$G$36)))) -> 3075 | AX19: =IF(AU19<=Tables!$F$39,'Henri''s Hotel'!AU19*Tables!$G$39,IF(AU19>Tables!$F$40,Tables!$G$40*'Henri''s Hotel'!AU19,FALSE)) -> 1105.5 | AY19: =AU19-AW19-AX19 -> 15919.5 | BB19: =(MOD(K19-J19,1)+MOD(M19-L19,1)+MOD(O19-N19,1)+MOD(Q19-P19,1)+MOD(S19-R19,1)+MOD(U19-T19,1))*Tables!$F$17 -> 23 | BC19: =INDEX(Tables!$H$8:$H$10,MATCH(MOD(K19-J19,1)+MOD(M19-L19,1)+MOD(O19-N19,1)+MOD(Q19-P19,1)+MOD(S19-R19,1)+MOD(U19-T19,1),Tables!$D$8:$D$10,1)) -> 1 | BD19: =BB19*BC19*AJ19 -> 184 | BE19: =MOD(W19-V19,1)*24 -> 1 | BF19: =INDEX(Tables!$K$8:$K$10,MATCH(AE19,Tables!$D$8:$D$10,1)) -> 2 | BG19: =BE19*BF19*AJ19 -> 16
I20: Employee 12 | J20: 0.29166667 | K20: 0.25 | L20: 0.33333333 | M20: 0.375 | N20: 0.41666667 | O20: 1.4583333 | P20: 1.5 | Q20: 1.5416667 | T20: 1.6666667 | U20: 1.7083333 | V20: 1.75 | W20: 1.7916667 | X20: =IF(COUNTBLANK(J20:W20)>=Tables!$B$34,COUNTA(J20:W20)/Tables!$B$34,"ERROR WORKING DAYS") -> 6 | Y20: =W20-V20 -> 0.041666667 | Z20: =IF(AE20<(Tables!$F$8/Tables!$F$17),0,AE20-(Tables!$F$8/Tables!$F$17)) -> 0 | AA20: =AE20-Z20 -> 1.1666667 | AB20: =AA20*Tables!$F$17*AJ20 -> 336 | AC20: =IF(Z20>0,IF((Z20*Tables!$F$17)>$AB$37,((Z20*Tables!$F$17)-$AB$37)*$AC$37*AJ20+($AB$36*$AC$36*AJ20),(Z20*Tables!F28)*$AC$36*AJ20),) -> 0 | AE20: =MOD(K20-J20,1)+MOD(M20-L20,1)+MOD(O20-N20,1)+MOD(Q20-P20,1)+MOD(S20-R20,1)+MOD(U20-T20,1)+MOD(W20-V20,1) -> 1.1666667 | AF20: =IF(AH20=Tables!$E$3,IF('Henri''s Hotel'!AG20=Tables!$A$4,'Henri''s Hotel'!AE20,0),0) -> 0 | AG20: F&B | AH20: Manager | AI20: =INDEX(Tables!$F$3:$F$5,MATCH('Henri''s Hotel'!AH20,Tables!$E$3:$E$5,0)) -> 1.5 | AJ20: =INDEX(Tables!$F$3:$F$5,MATCH('Henri''s Hotel'!AH20,Tables!$E$3:$E$5,0))*INDEX(Tables!$B$3:$B$6,MATCH('Henri''s Hotel'!AG20,Tables!$A$3:$A$6,0)) -> 12 | AK20: =INDEX(Tables!$H$8:$H$10,MATCH(MOD(K20-J20,1)+MOD(M20-L20,1)+MOD(O20-N20,1)+MOD(Q20-P20,1)+MOD(S20-R20,1)+MOD(U20-T20,1),Tables!$D$8:$D$10,1))*AJ20*(MOD(K20-J20,1)+MOD(M20-L20,1)+MOD(O20-N20,1)+MOD(Q20-P20,1)+MOD(S20-R20,1)+MOD(U20-T20,1))*24+INDEX(Tables!$K$8:$K$10,MATCH(AE20,Tables!$D$8:$D$10,1))*(MOD(W20-V20,1)*24)*AJ20 -> 348 | AL20: =IF(AH20=Tables!$E$3,IF('Henri''s Hotel'!AG20=Tables!$A$4,('Henri''s Hotel'!AE20/'Henri''s Hotel'!$AE$30)*'Henri''s Hotel'!$AE$31,),0) -> 0 | AO20: Divorced/Widowed | AP20: 6 | AQ20: =INDEX(Tables!$B$15:$B$17,MATCH('Henri''s Hotel'!AO20,Tables!$A$15:$A$17,0))+INDEX(Tables!$B$20:$B$32,MATCH('Henri''s Hotel'!AP20,Tables!$A$20:$A$32,0)) -> 10300 | AR20: =IF(AE20>0,IF(AH20=Tables!$E$5,'Henri''s Hotel'!$M$32/'Henri''s Hotel'!$M$33,)) -> 0.5 | AS20: =IF(AH20=Tables!$E$3,'Henri''s Hotel'!AK20,) -> 0 | AT20: =IF($AS$29<'Hotel occupancy'!$B$13,IF('Henri''s Hotel'!AH20=Tables!$E$5,200,0),) -> 200 | AU20: =(AK20+AL20+AR20+AS20+AT20)*Tables!$F$16 -> 27425 | AV20: =IF(AU20-AQ20>0,AU20-AQ20,0) -> 17125 | AW20: =IF(AO20=Tables!$E$26,IF(AV20<=Tables!$F$27,Tables!$G$27*'Henri''s Hotel'!AV20,IF('Henri''s Hotel'!AV20<Tables!$F$28,Tables!$G$28*'Henri''s Hotel'!AV20,IF('Henri''s Hotel'!AV20<Tables!$F$29,Tables!$G$29*'Henri''s Hotel'!AV20,'Henri''s Hotel'!AV20*Tables!$G$30))),IF(AV20<=Tables!$F$33,Tables!$G$33*'Henri''s Hotel'!AV20,IF('Henri''s Hotel'!AV20<Tables!$F$34,'Henri''s Hotel'!AV20*Tables!$G$34,IF('Henri''s Hotel'!AV20<Tables!$F$35,Tables!$G$35*'Henri''s Hotel'!AV20,'Henri''s Hotel'!AV20*Tables!$G$36)))) -> 6336.25 | AX20: =IF(AU20<=Tables!$F$39,'Henri''s Hotel'!AU20*Tables!$G$39,IF(AU20>Tables!$F$40,Tables!$G$40*'Henri''s Hotel'!AU20,FALSE)) -> 1508.375 | AY20: =AU20-AW20-AX20 -> 19580.375 | BB20: =(MOD(K20-J20,1)+MOD(M20-L20,1)+MOD(O20-N20,1)+MOD(Q20-P20,1)+MOD(S20-R20,1)+MOD(U20-T20,1))*Tables!$F$17 -> 27 | BC20: =INDEX(Tables!$H$8:$H$10,MATCH(MOD(K20-J20,1)+MOD(M20-L20,1)+MOD(O20-N20,1)+MOD(Q20-P20,1)+MOD(S20-R20,1)+MOD(U20-T20,1),Tables!$D$8:$D$10,1)) -> 1 | BD20: =BB20*BC20*AJ20 -> 324 | BE20: =MOD(W20-V20,1)*24 -> 1 | BF20: =INDEX(Tables!$K$8:$K$10,MATCH(AE20,Tables!$D$8:$D$10,1)) -> 2 | BG20: =BE20*BF20*AJ20 -> 24
I21: Employee 13 | J21: 0.33333333 | K21: 0.125 | L21: 0.41666667 | M21: 0.58333333 | N21: 0.45833333 | O21: 1.875 | P21: 1.5416667 | Q21: 1.8333333 | R21: 1.625 | S21: 1.7916667 | V21: 1.7916667 | W21: 1.875 | X21: =IF(COUNTBLANK(J21:W21)>=Tables!$B$34,COUNTA(J21:W21)/Tables!$B$34,"ERROR WORKING DAYS") -> 6 | Y21: =W21-V21 -> 0.083333333 | Z21: =IF(AE21<(Tables!$F$8/Tables!$F$17),0,AE21-(Tables!$F$8/Tables!$F$17)) -> 0.29166667 | AA21: =AE21-Z21 -> 1.625 | AB21: =AA21*Tables!$F$17*AJ21 -> 409.5 | AC21: =IF(Z21>0,IF((Z21*Tables!$F$17)>$AB$37,((Z21*Tables!$F$17)-$AB$37)*$AC$37*AJ21+($AB$36*$AC$36*AJ21),(Z21*Tables!F29)*$AC$36*AJ21),) -> 94.5 | AE21: =MOD(K21-J21,1)+MOD(M21-L21,1)+MOD(O21-N21,1)+MOD(Q21-P21,1)+MOD(S21-R21,1)+MOD(U21-T21,1)+MOD(W21-V21,1) -> 1.9166667 | AF21: =IF(AH21=Tables!$E$3,IF('Henri''s Hotel'!AG21=Tables!$A$4,'Henri''s Hotel'!AE21,0),0) -> 0 | AG21: Housekeeping | AH21: Manager | AI21: =INDEX(Tables!$F$3:$F$5,MATCH('Henri''s Hotel'!AH21,Tables!$E$3:$E$5,0)) -> 1.5 | AJ21: =INDEX(Tables!$F$3:$F$5,MATCH('Henri''s Hotel'!AH21,Tables!$E$3:$E$5,0))*INDEX(Tables!$B$3:$B$6,MATCH('Henri''s Hotel'!AG21,Tables!$A$3:$A$6,0)) -> 10.5 | AK21: =INDEX(Tables!$H$8:$H$10,MATCH(MOD(K21-J21,1)+MOD(M21-L21,1)+MOD(O21-N21,1)+MOD(Q21-P21,1)+MOD(S21-R21,1)+MOD(U21-T21,1),Tables!$D$8:$D$10,1))*AJ21*(MOD(K21-J21,1)+MOD(M21-L21,1)+MOD(O21-N21,1)+MOD(Q21-P21,1)+MOD(S21-R21,1)+MOD(U21-T21,1))*24+INDEX(Tables!$K$8:$K$10,MATCH(AE21,Tables!$D$8:$D$10,1))*(MOD(W21-V21,1)*24)*AJ21 -> 640.5 | AL21: =IF(AH21=Tables!$E$3,IF('Henri''s Hotel'!AG21=Tables!$A$4,('Henri''s Hotel'!AE21/'Henri''s Hotel'!$AE$30)*'Henri''s Hotel'!$AE$31,),0) -> 0 | AO21: Divorced/Widowed | AP21: 4 | AQ21: =INDEX(Tables!$B$15:$B$17,MATCH('Henri''s Hotel'!AO21,Tables!$A$15:$A$17,0))+INDEX(Tables!$B$20:$B$32,MATCH('Henri''s Hotel'!AP21,Tables!$A$20:$A$32,0)) -> 8700 | AR21: =IF(AE21>0,IF(AH21=Tables!$E$5,'Henri''s Hotel'!$M$32/'Henri''s Hotel'!$M$33,)) -> 0.5 | AS21: =IF(AH21=Tables!$E$3,'Henri''s Hotel'!AK21,) -> 0 | AT21: =IF($AS$29<'Hotel occupancy'!$B$13,IF('Henri''s Hotel'!AH21=Tables!$E$5,200,0),) -> 200 | AU21: =(AK21+AL21+AR21+AS21+AT21)*Tables!$F$16 -> 42050 | AV21: =IF(AU21-AQ21>0,AU21-AQ21,0) -> 33350 | AW21: =IF(AO21=Tables!$E$26,IF(AV21<=Tables!$F$27,Tables!$G$27*'Henri''s Hotel'!AV21,IF('Henri''s Hotel'!AV21<Tables!$F$28,Tables!$G$28*'Henri''s Hotel'!AV21,IF('Henri''s Hotel'!AV21<Tables!$F$29,Tables!$G$29*'Henri''s Hotel'!AV21,'Henri''s Hotel'!AV21*Tables!$G$30))),IF(AV21<=Tables!$F$33,Tables!$G$33*'Henri''s Hotel'!AV21,IF('Henri''s Hotel'!AV21<Tables!$F$34,'Henri''s Hotel'!AV21*Tables!$G$34,IF('Henri''s Hotel'!AV21<Tables!$F$35,Tables!$G$35*'Henri''s Hotel'!AV21,'Henri''s Hotel'!AV21*Tables!$G$36)))) -> 14340.5 | AX21: =IF(AU21<=Tables!$F$39,'Henri''s Hotel'!AU21*Tables!$G$39,IF(AU21>Tables!$F$40,Tables!$G$40*'Henri''s Hotel'!AU21,FALSE)) -> 1892.25 | AY21: =AU21-AW21-AX21 -> 25817.25 | BB21: =(MOD(K21-J21,1)+MOD(M21-L21,1)+MOD(O21-N21,1)+MOD(Q21-P21,1)+MOD(S21-R21,1)+MOD(U21-T21,1))*Tables!$F$17 -> 44 | BC21: =INDEX(Tables!$H$8:$H$10,MATCH(MOD(K21-J21,1)+MOD(M21-L21,1)+MOD(O21-N21,1)+MOD(Q21-P21,1)+MOD(S21-R21,1)+MOD(U21-T21,1),Tables!$D$8:$D$10,1)) -> 1.25 | BD21: =BB21*BC21*AJ21 -> 577.5 | BE21: =MOD(W21-V21,1)*24 -> 2 | BF21: =INDEX(Tables!$K$8:$K$10,MATCH(AE21,Tables!$D$8:$D$10,1)) -> 3 | BG21: =BE21*BF21*AJ21 -> 63
I22: Employee 14 | J22: 0.375 | K22: 0.16666667 | L22: 0.41666667 | M22: 0.45833333 | N22: 0.5 | O22: 1.5416667 | P22: 1.5833333 | Q22: 1.625 | R22: 1.6666667 | S22: 1.7083333 | T22: 1.75 | U22: 1.7916667 | X22: =IF(COUNTBLANK(J22:W22)>=Tables!$B$34,COUNTA(J22:W22)/Tables!$B$34,"ERROR WORKING DAYS") -> 6 | Y22: =W22-V22 -> 0 | Z22: =IF(AE22<(Tables!$F$8/Tables!$F$17),0,AE22-(Tables!$F$8/Tables!$F$17)) -> 0 | AA22: =AE22-Z22 -> 1 | AB22: =AA22*Tables!$F$17*AJ22 -> 192 | AC22: =IF(Z22>0,IF((Z22*Tables!$F$17)>$AB$37,((Z22*Tables!$F$17)-$AB$37)*$AC$37*AJ22+($AB$36*$AC$36*AJ22),(Z22*Tables!F30)*$AC$36*AJ22),) -> 0 | AE22: =MOD(K22-J22,1)+MOD(M22-L22,1)+MOD(O22-N22,1)+MOD(Q22-P22,1)+MOD(S22-R22,1)+MOD(U22-T22,1)+MOD(W22-V22,1) -> 1 | AF22: =IF(AH22=Tables!$E$3,IF('Henri''s Hotel'!AG22=Tables!$A$4,'Henri''s Hotel'!AE22,0),0) -> 1 | AG22: F&B | AH22: Worker | AI22: =INDEX(Tables!$F$3:$F$5,MATCH('Henri''s Hotel'!AH22,Tables!$E$3:$E$5,0)) -> 1 | AJ22: =INDEX(Tables!$F$3:$F$5,MATCH('Henri''s Hotel'!AH22,Tables!$E$3:$E$5,0))*INDEX(Tables!$B$3:$B$6,MATCH('Henri''s Hotel'!AG22,Tables!$A$3:$A$6,0)) -> 8 | AK22: =INDEX(Tables!$H$8:$H$10,MATCH(MOD(K22-J22,1)+MOD(M22-L22,1)+MOD(O22-N22,1)+MOD(Q22-P22,1)+MOD(S22-R22,1)+MOD(U22-T22,1),Tables!$D$8:$D$10,1))*AJ22*(MOD(K22-J22,1)+MOD(M22-L22,1)+MOD(O22-N22,1)+MOD(Q22-P22,1)+MOD(S22-R22,1)+MOD(U22-T22,1))*24+INDEX(Tables!$K$8:$K$10,MATCH(AE22,Tables!$D$8:$D$10,1))*(MOD(W22-V22,1)*24)*AJ22 -> 192 | AL22: =IF(AH22=Tables!$E$3,IF('Henri''s Hotel'!AG22=Tables!$A$4,('Henri''s Hotel'!AE22/'Henri''s Hotel'!$AE$30)*'Henri''s Hotel'!$AE$31,),0) -> 2 | AO22: Married | AP22: 1 | AQ22: =INDEX(Tables!$B$15:$B$17,MATCH('Henri''s Hotel'!AO22,Tables!$A$15:$A$17,0))+INDEX(Tables!$B$20:$B$32,MATCH('Henri''s Hotel'!AP22,Tables!$A$20:$A$32,0)) -> 7800 | AR22: =IF(AE22>0,IF(AH22=Tables!$E$5,'Henri''s Hotel'!$M$32/'Henri''s Hotel'!$M$33,)) -> 0 | AS22: =IF(AH22=Tables!$E$3,'Henri''s Hotel'!AK22,) -> 192 | AT22: =IF($AS$29<'Hotel occupancy'!$B$13,IF('Henri''s Hotel'!AH22=Tables!$E$5,200,0),) -> 0 | AU22: =(AK22+AL22+AR22+AS22+AT22)*Tables!$F$16 -> 19300 | AV22: =IF(AU22-AQ22>0,AU22-AQ22,0) -> 11500 | AW22: =IF(AO22=Tables!$E$26,IF(AV22<=Tables!$F$27,Tables!$G$27*'Henri''s Hotel'!AV22,IF('Henri''s Hotel'!AV22<Tables!$F$28,Tables!$G$28*'Henri''s Hotel'!AV22,IF('Henri''s Hotel'!AV22<Tables!$F$29,Tables!$G$29*'Henri''s Hotel'!AV22,'Henri''s Hotel'!AV22*Tables!$G$30))),IF(AV22<=Tables!$F$33,Tables!$G$33*'Henri''s Hotel'!AV22,IF('Henri''s Hotel'!AV22<Tables!$F$34,'Henri''s Hotel'!AV22*Tables!$G$34,IF('Henri''s Hotel'!AV22<Tables!$F$35,Tables!$G$35*'Henri''s Hotel'!AV22,'Henri''s Hotel'!AV22*Tables!$G$36)))) -> 2875 | AX22: =IF(AU22<=Tables!$F$39,'Henri''s Hotel'!AU22*Tables!$G$39,IF(AU22>Tables!$F$40,Tables!$G$40*'Henri''s Hotel'!AU22,FALSE)) -> 1061.5 | AY22: =AU22-AW22-AX22 -> 15363.5 | BB22: =(MOD(K22-J22,1)+MOD(M22-L22,1)+MOD(O22-N22,1)+MOD(Q22-P22,1)+MOD(S22-R22,1)+MOD(U22-T22,1))*Tables!$F$17 -> 24 | BC22: =INDEX(Tables!$H$8:$H$10,MATCH(MOD(K22-J22,1)+MOD(M22-L22,1)+MOD(O22-N22,1)+MOD(Q22-P22,1)+MOD(S22-R22,1)+MOD(U22-T22,1),Tables!$D$8:$D$10,1)) -> 1 | BD22: =BB22*BC22*AJ22 -> 192 | BE22: =MOD(W22-V22,1)*24 -> 0 | BF22: =INDEX(Tables!$K$8:$K$10,MATCH(AE22,Tables!$D$8:$D$10,1)) -> 2 | BG22: =BE22*BF22*AJ22 -> 0
I23: Employee 15 | J23: 0.41666667 | K23: 0.20833333 | L23: 0.45833333 | M23: 0.5 | N23: 0.54166667 | O23: 1.5833333 | P23: 1.625 | Q23: 1.6666667 | R23: 1.7083333 | S23: 1.75 | T23: 1.7916667 | U23: 1.8333333 | X23: =IF(COUNTBLANK(J23:W23)>=Tables!$B$34,COUNTA(J23:W23)/Tables!$B$34,"ERROR WORKING DAYS") -> 6 | Y23: =W23-V23 -> 0 | Z23: =IF(AE23<(Tables!$F$8/Tables!$F$17),0,AE23-(Tables!$F$8/Tables!$F$17)) -> 0 | AA23: =AE23-Z23 -> 1 | AB23: =AA23*Tables!$F$17*AJ23 -> 192 | AC23: =IF(Z23>0,IF((Z23*Tables!$F$17)>$AB$37,((Z23*Tables!$F$17)-$AB$37)*$AC$37*AJ23+($AB$36*$AC$36*AJ23),(Z23*Tables!F31)*$AC$36*AJ23),) -> 0 | AE23: =MOD(K23-J23,1)+MOD(M23-L23,1)+MOD(O23-N23,1)+MOD(Q23-P23,1)+MOD(S23-R23,1)+MOD(U23-T23,1)+MOD(W23-V23,1) -> 1 | AF23: =IF(AH23=Tables!$E$3,IF('Henri''s Hotel'!AG23=Tables!$A$4,'Henri''s Hotel'!AE23,0),0) -> 1 | AG23: F&B | AH23: Worker | AI23: =INDEX(Tables!$F$3:$F$5,MATCH('Henri''s Hotel'!AH23,Tables!$E$3:$E$5,0)) -> 1 | AJ23: =INDEX(Tables!$F$3:$F$5,MATCH('Henri''s Hotel'!AH23,Tables!$E$3:$E$5,0))*INDEX(Tables!$B$3:$B$6,MATCH('Henri''s Hotel'!AG23,Tables!$A$3:$A$6,0)) -> 8 | AK23: =INDEX(Tables!$H$8:$H$10,MATCH(MOD(K23-J23,1)+MOD(M23-L23,1)+MOD(O23-N23,1)+MOD(Q23-P23,1)+MOD(S23-R23,1)+MOD(U23-T23,1),Tables!$D$8:$D$10,1))*AJ23*(MOD(K23-J23,1)+MOD(M23-L23,1)+MOD(O23-N23,1)+MOD(Q23-P23,1)+MOD(S23-R23,1)+MOD(U23-T23,1))*24+INDEX(Tables!$K$8:$K$10,MATCH(AE23,Tables!$D$8:$D$10,1))*(MOD(W23-V23,1)*24)*AJ23 -> 192 | AL23: =IF(AH23=Tables!$E$3,IF('Henri''s Hotel'!AG23=Tables!$A$4,('Henri''s Hotel'!AE23/'Henri''s Hotel'!$AE$30)*'Henri''s Hotel'!$AE$31,),0) -> 2 | AO23: Married | AP23: 1 | AQ23: =INDEX(Tables!$B$15:$B$17,MATCH('Henri''s Hotel'!AO23,Tables!$A$15:$A$17,0))+INDEX(Tables!$B$20:$B$32,MATCH('Henri''s Hotel'!AP23,Tables!$A$20:$A$32,0)) -> 7800 | AR23: =IF(AE23>0,IF(AH23=Tables!$E$5,'Henri''s Hotel'!$M$32/'Henri''s Hotel'!$M$33,)) -> 0 | AS23: =IF(AH23=Tables!$E$3,'Henri''s Hotel'!AK23,) -> 192 | AT23: =IF($AS$29<'Hotel occupancy'!$B$13,IF('Henri''s Hotel'!AH23=Tables!$E$5,200,0),) -> 0 | AU23: =(AK23+AL23+AR23+AS23+AT23)*Tables!$F$16 -> 19300 | AV23: =IF(AU23-AQ23>0,AU23-AQ23,0) -> 11500 | AW23: =IF(AO23=Tables!$E$26,IF(AV23<=Tables!$F$27,Tables!$G$27*'Henri''s Hotel'!AV23,IF('Henri''s Hotel'!AV23<Tables!$F$28,Tables!$G$28*'Henri''s Hotel'!AV23,IF('Henri''s Hotel'!AV23<Tables!$F$29,Tables!$G$29*'Henri''s Hotel'!AV23,'Henri''s Hotel'!AV23*Tables!$G$30))),IF(AV23<=Tables!$F$33,Tables!$G$33*'Henri''s Hotel'!AV23,IF('Henri''s Hotel'!AV23<Tables!$F$34,'Henri''s Hotel'!AV23*Tables!$G$34,IF('Henri''s Hotel'!AV23<Tables!$F$35,Tables!$G$35*'Henri''s Hotel'!AV23,'Henri''s Hotel'!AV23*Tables!$G$36)))) -> 2875 | AX23: =IF(AU23<=Tables!$F$39,'Henri''s Hotel'!AU23*Tables!$G$39,IF(AU23>Tables!$F$40,Tables!$G$40*'Henri''s Hotel'!AU23,FALSE)) -> 1061.5 | AY23: =AU23-AW23-AX23 -> 15363.5 | BB23: =(MOD(K23-J23,1)+MOD(M23-L23,1)+MOD(O23-N23,1)+MOD(Q23-P23,1)+MOD(S23-R23,1)+MOD(U23-T23,1))*Tables!$F$17 -> 24 | BC23: =INDEX(Tables!$H$8:$H$10,MATCH(MOD(K23-J23,1)+MOD(M23-L23,1)+MOD(O23-N23,1)+MOD(Q23-P23,1)+MOD(S23-R23,1)+MOD(U23-T23,1),Tables!$D$8:$D$10,1)) -> 1 | BD23: =BB23*BC23*AJ23 -> 192 | BE23: =MOD(W23-V23,1)*24 -> 0 | BF23: =INDEX(Tables!$K$8:$K$10,MATCH(AE23,Tables!$D$8:$D$10,1)) -> 2 | BG23: =BE23*BF23*AJ23 -> 0
I24: Employee 16 | J24: 0.45833333 | K24: 0.25 | L24: 0.5 | M24: 0.54166667 | N24: 0.58333333 | O24: 1.625 | P24: 1.6666667 | Q24: 1.7083333 | R24: 1.75 | S24: 1.7916667 | V24: 1.9166667 | W24: 1.9583333 | X24: =IF(COUNTBLANK(J24:W24)>=Tables!$B$34,COUNTA(J24:W24)/Tables!$B$34,"ERROR WORKING DAYS") -> 6 | Y24: =W24-V24 -> 0.041666667 | Z24: =IF(AE24<(Tables!$F$8/Tables!$F$17),0,AE24-(Tables!$F$8/Tables!$F$17)) -> 0 | AA24: =AE24-Z24 -> 1 | AB24: =AA24*Tables!$F$17*AJ24 -> 192 | AC24: =IF(Z24>0,IF((Z24*Tables!$F$17)>$AB$37,((Z24*Tables!$F$17)-$AB$37)*$AC$37*AJ24+($AB$36*$AC$36*AJ24),(Z24*Tables!F32)*$AC$36*AJ24),) -> 0 | AE24: =MOD(K24-J24,1)+MOD(M24-L24,1)+MOD(O24-N24,1)+MOD(Q24-P24,1)+MOD(S24-R24,1)+MOD(U24-T24,1)+MOD(W24-V24,1) -> 1 | AF24: =IF(AH24=Tables!$E$3,IF('Henri''s Hotel'!AG24=Tables!$A$4,'Henri''s Hotel'!AE24,0),0) -> 1 | AG24: F&B | AH24: Worker | AI24: =INDEX(Tables!$F$3:$F$5,MATCH('Henri''s Hotel'!AH24,Tables!$E$3:$E$5,0)) -> 1 | AJ24: =INDEX(Tables!$F$3:$F$5,MATCH('Henri''s Hotel'!AH24,Tables!$E$3:$E$5,0))*INDEX(Tables!$B$3:$B$6,MATCH('Henri''s Hotel'!AG24,Tables!$A$3:$A$6,0)) -> 8 | AK24: =INDEX(Tables!$H$8:$H$10,MATCH(MOD(K24-J24,1)+MOD(M24-L24,1)+MOD(O24-N24,1)+MOD(Q24-P24,1)+MOD(S24-R24,1)+MOD(U24-T24,1),Tables!$D$8:$D$10,1))*AJ24*(MOD(K24-J24,1)+MOD(M24-L24,1)+MOD(O24-N24,1)+MOD(Q24-P24,1)+MOD(S24-R24,1)+MOD(U24-T24,1))*24+INDEX(Tables!$K$8:$K$10,MATCH(AE24,Tables!$D$8:$D$10,1))*(MOD(W24-V24,1)*24)*AJ24 -> 200 | AL24: =IF(AH24=Tables!$E$3,IF('Henri''s Hotel'!AG24=Tables!$A$4,('Henri''s Hotel'!AE24/'Henri''s Hotel'!$AE$30)*'Henri''s Hotel'!$AE$31,),0) -> 2 | AO24: Married | AP24: 1 | AQ24: =INDEX(Tables!$B$15:$B$17,MATCH('Henri''s Hotel'!AO24,Tables!$A$15:$A$17,0))+INDEX(Tables!$B$20:$B$32,MATCH('Henri''s Hotel'!AP24,Tables!$A$20:$A$32,0)) -> 7800 | AR24: =IF(AE24>0,IF(AH24=Tables!$E$5,'Henri''s Hotel'!$M$32/'Henri''s Hotel'!$M$33,)) -> 0 | AS24: =IF(AH24=Tables!$E$3,'Henri''s Hotel'!AK24,) -> 200 | AT24: =IF($AS$29<'Hotel occupancy'!$B$13,IF('Henri''s Hotel'!AH24=Tables!$E$5,200,0),) -> 0 | AU24: =(AK24+AL24+AR24+AS24+AT24)*Tables!$F$16 -> 20100 | AV24: =IF(AU24-AQ24>0,AU24-AQ24,0) -> 12300 | AW24: =IF(AO24=Tables!$E$26,IF(AV24<=Tables!$F$27,Tables!$G$27*'Henri''s Hotel'!AV24,IF('Henri''s Hotel'!AV24<Tables!$F$28,Tables!$G$28*'Henri''s Hotel'!AV24,IF('Henri''s Hotel'!AV24<Tables!$F$29,Tables!$G$29*'Henri''s Hotel'!AV24,'Henri''s Hotel'!AV24*Tables!$G$30))),IF(AV24<=Tables!$F$33,Tables!$G$33*'Henri''s Hotel'!AV24,IF('Henri''s Hotel'!AV24<Tables!$F$34,'Henri''s Hotel'!AV24*Tables!$G$34,IF('Henri''s Hotel'!AV24<Tables!$F$35,Tables!$G$35*'Henri''s Hotel'!AV24,'Henri''s Hotel'!AV24*Tables!$G$36)))) -> 3075 | AX24: =IF(AU24<=Tables!$F$39,'Henri''s Hotel'!AU24*Tables!$G$39,IF(AU24>Tables!$F$40,Tables!$G$40*'Henri''s Hotel'!AU24,FALSE)) -> 1105.5 | AY24: =AU24-AW24-AX24 -> 15919.5 | BB24: =(MOD(K24-J24,1)+MOD(M24-L24,1)+MOD(O24-N24,1)+MOD(Q24-P24,1)+MOD(S24-R24,1)+MOD(U24-T24,1))*Tables!$F$17 -> 23 | BC24: =INDEX(Tables!$H$8:$H$10,MATCH(MOD(K24-J24,1)+MOD(M24-L24,1)+MOD(O24-N24,1)+MOD(Q24-P24,1)+MOD(S24-R24,1)+MOD(U24-T24,1),Tables!$D$8:$D$10,1)) -> 1 | BD24: =BB24*BC24*AJ24 -> 184 | BE24: =MOD(W24-V24,1)*24 -> 1 | BF24: =INDEX(Tables!$K$8:$K$10,MATCH(AE24,Tables!$D$8:$D$10,1)) -> 2 | BG24: =BE24*BF24*AJ24 -> 16
I25: Employee 17 | J25: 0.5 | K25: 0.29166667 | L25: 0.54166667 | M25: 0.58333333 | N25: 0.625 | O25: 1.6666667 | P25: 1.7083333 | Q25: 1.75 | T25: 1.875 | U25: 1.9166667 | V25: 1.9583333 | W25: 2 | X25: =IF(COUNTBLANK(J25:W25)>=Tables!$B$34,COUNTA(J25:W25)/Tables!$B$34,"ERROR WORKING DAYS") -> 6 | Y25: =W25-V25 -> 0.041666667 | Z25: =IF(AE25<(Tables!$F$8/Tables!$F$17),0,AE25-(Tables!$F$8/Tables!$F$17)) -> 0 | AA25: =AE25-Z25 -> 1 | AB25: =AA25*Tables!$F$17*AJ25 -> 360 | AC25: =IF(Z25>0,IF((Z25*Tables!$F$17)>$AB$37,((Z25*Tables!$F$17)-$AB$37)*$AC$37*AJ25+($AB$36*$AC$36*AJ25),(Z25*Tables!F33)*$AC$36*AJ25),) -> 0 | AE25: =MOD(K25-J25,1)+MOD(M25-L25,1)+MOD(O25-N25,1)+MOD(Q25-P25,1)+MOD(S25-R25,1)+MOD(U25-T25,1)+MOD(W25-V25,1) -> 1 | AF25: =IF(AH25=Tables!$E$3,IF('Henri''s Hotel'!AG25=Tables!$A$4,'Henri''s Hotel'!AE25,0),0) -> 0 | AG25: Front Office | AH25: Manager | AI25: =INDEX(Tables!$F$3:$F$5,MATCH('Henri''s Hotel'!AH25,Tables!$E$3:$E$5,0)) -> 1.5 | AJ25: =INDEX(Tables!$F$3:$F$5,MATCH('Henri''s Hotel'!AH25,Tables!$E$3:$E$5,0))*INDEX(Tables!$B$3:$B$6,MATCH('Henri''s Hotel'!AG25,Tables!$A$3:$A$6,0)) -> 15 | AK25: =INDEX(Tables!$H$8:$H$10,MATCH(MOD(K25-J25,1)+MOD(M25-L25,1)+MOD(O25-N25,1)+MOD(Q25-P25,1)+MOD(S25-R25,1)+MOD(U25-T25,1),Tables!$D$8:$D$10,1))*AJ25*(MOD(K25-J25,1)+MOD(M25-L25,1)+MOD(O25-N25,1)+MOD(Q25-P25,1)+MOD(S25-R25,1)+MOD(U25-T25,1))*24+INDEX(Tables!$K$8:$K$10,MATCH(AE25,Tables!$D$8:$D$10,1))*(MOD(W25-V25,1)*24)*AJ25 -> 375 | AL25: =IF(AH25=Tables!$E$3,IF('Henri''s Hotel'!AG25=Tables!$A$4,('Henri''s Hotel'!AE25/'Henri''s Hotel'!$AE$30)*'Henri''s Hotel'!$AE$31,),0) -> 0 | AO25: Married | AP25: 1 | AQ25: =INDEX(Tables!$B$15:$B$17,MATCH('Henri''s Hotel'!AO25,Tables!$A$15:$A$17,0))+INDEX(Tables!$B$20:$B$32,MATCH('Henri''s Hotel'!AP25,Tables!$A$20:$A$32,0)) -> 7800 | AR25: =IF(AE25>0,IF(AH25=Tables!$E$5,'Henri''s Hotel'!$M$32/'Henri''s Hotel'!$M$33,)) -> 0.5 | AS25: =IF(AH25=Tables!$E$3,'Henri''s Hotel'!AK25,) -> 0 | AT25: =IF($AS$29<'Hotel occupancy'!$B$13,IF('Henri''s Hotel'!AH25=Tables!$E$5,200,0),) -> 200 | AU25: =(AK25+AL25+AR25+AS25+AT25)*Tables!$F$16 -> 28775 | AV25: =IF(AU25-AQ25>0,AU25-AQ25,0) -> 20975 | AW25: =IF(AO25=Tables!$E$26,IF(AV25<=Tables!$F$27,Tables!$G$27*'Henri''s Hotel'!AV25,IF('Henri''s Hotel'!AV25<Tables!$F$28,Tables!$G$28*'Henri''s Hotel'!AV25,IF('Henri''s Hotel'!AV25<Tables!$F$29,Tables!$G$29*'Henri''s Hotel'!AV25,'Henri''s Hotel'!AV25*Tables!$G$30))),IF(AV25<=Tables!$F$33,Tables!$G$33*'Henri''s Hotel'!AV25,IF('Henri''s Hotel'!AV25<Tables!$F$34,'Henri''s Hotel'!AV25*Tables!$G$34,IF('Henri''s Hotel'!AV25<Tables!$F$35,Tables!$G$35*'Henri''s Hotel'!AV25,'Henri''s Hotel'!AV25*Tables!$G$36)))) -> 7760.75 | AX25: =IF(AU25<=Tables!$F$39,'Henri''s Hotel'!AU25*Tables!$G$39,IF(AU25>Tables!$F$40,Tables!$G$40*'Henri''s Hotel'!AU25,FALSE)) -> 1582.625 | AY25: =AU25-AW25-AX25 -> 19431.625 | BB25: =(MOD(K25-J25,1)+MOD(M25-L25,1)+MOD(O25-N25,1)+MOD(Q25-P25,1)+MOD(S25-R25,1)+MOD(U25-T25,1))*Tables!$F$17 -> 23 | BC25: =INDEX(Tables!$H$8:$H$10,MATCH(MOD(K25-J25,1)+MOD(M25-L25,1)+MOD(O25-N25,1)+MOD(Q25-P25,1)+MOD(S25-R25,1)+MOD(U25-T25,1),Tables!$D$8:$D$10,1)) -> 1 | BD25: =BB25*BC25*AJ25 -> 345 | BE25: =MOD(W25-V25,1)*24 -> 1 | BF25: =INDEX(Tables!$K$8:$K$10,MATCH(AE25,Tables!$D$8:$D$10,1)) -> 2 | BG25: =BE25*BF25*AJ25 -> 30
I26: Employee 18 | J26: 0.54166667 | K26: 0.33333333 | L26: 0.58333333 | M26: 0.625 | N26: 0.66666667 | O26: 1.7083333 | P26: 1.75 | Q26: 1.7916667 | T26: 1.9166667 | U26: 1.9583333 | V26: 2 | W26: 2.0416667 | X26: =IF(COUNTBLANK(J26:W26)>=Tables!$B$34,COUNTA(J26:W26)/Tables!$B$34,"ERROR WORKING DAYS") -> 6 | Y26: =W26-V26 -> 0.041666667 | Z26: =IF(AE26<(Tables!$F$8/Tables!$F$17),0,AE26-(Tables!$F$8/Tables!$F$17)) -> 0 | AA26: =AE26-Z26 -> 1 | AB26: =AA26*Tables!$F$17*AJ26 -> 360 | AC26: =IF(Z26>0,IF((Z26*Tables!$F$17)>$AB$37,((Z26*Tables!$F$17)-$AB$37)*$AC$37*AJ26+($AB$36*$AC$36*AJ26),(Z26*Tables!F34)*$AC$36*AJ26),) -> 0 | AE26: =MOD(K26-J26,1)+MOD(M26-L26,1)+MOD(O26-N26,1)+MOD(Q26-P26,1)+MOD(S26-R26,1)+MOD(U26-T26,1)+MOD(W26-V26,1) -> 1 | AF26: =IF(AH26=Tables!$E$3,IF('Henri''s Hotel'!AG26=Tables!$A$4,'Henri''s Hotel'!AE26,0),0) -> 0 | AG26: Front Office | AH26: Manager | AI26: =INDEX(Tables!$F$3:$F$5,MATCH('Henri''s Hotel'!AH26,Tables!$E$3:$E$5,0)) -> 1.5 | AJ26: =INDEX(Tables!$F$3:$F$5,MATCH('Henri''s Hotel'!AH26,Tables!$E$3:$E$5,0))*INDEX(Tables!$B$3:$B$6,MATCH('Henri''s Hotel'!AG26,Tables!$A$3:$A$6,0)) -> 15 | AK26: =INDEX(Tables!$H$8:$H$10,MATCH(MOD(K26-J26,1)+MOD(M26-L26,1)+MOD(O26-N26,1)+MOD(Q26-P26,1)+MOD(S26-R26,1)+MOD(U26-T26,1),Tables!$D$8:$D$10,1))*AJ26*(MOD(K26-J26,1)+MOD(M26-L26,1)+MOD(O26-N26,1)+MOD(Q26-P26,1)+MOD(S26-R26,1)+MOD(U26-T26,1))*24+INDEX(Tables!$K$8:$K$10,MATCH(AE26,Tables!$D$8:$D$10,1))*(MOD(W26-V26,1)*24)*AJ26 -> 375 | AL26: =IF(AH26=Tables!$E$3,IF('Henri''s Hotel'!AG26=Tables!$A$4,('Henri''s Hotel'!AE26/'Henri''s Hotel'!$AE$30)*'Henri''s Hotel'!$AE$31,),0) -> 0 | AO26: Married | AP26: 1 | AQ26: =INDEX(Tables!$B$15:$B$17,MATCH('Henri''s Hotel'!AO26,Tables!$A$15:$A$17,0))+INDEX(Tables!$B$20:$B$32,MATCH('Henri''s Hotel'!AP26,Tables!$A$20:$A$32,0)) -> 7800 | AR26: =IF(AE26>0,IF(AH26=Tables!$E$5,'Henri''s Hotel'!$M$32/'Henri''s Hotel'!$M$33,)) -> 0.5 | AS26: =IF(AH26=Tables!$E$3,'Henri''s Hotel'!AK26,) -> 0 | AT26: =IF($AS$29<'Hotel occupancy'!$B$13,IF('Henri''s Hotel'!AH26=Tables!$E$5,200,0),) -> 200 | AU26: =(AK26+AL26+AR26+AS26+AT26)*Tables!$F$16 -> 28775 | AV26: =IF(AU26-AQ26>0,AU26-AQ26,0) -> 20975 | AW26: =IF(AO26=Tables!$E$26,IF(AV26<=Tables!$F$27,Tables!$G$27*'Henri''s Hotel'!AV26,IF('Henri''s Hotel'!AV26<Tables!$F$28,Tables!$G$28*'Henri''s Hotel'!AV26,IF('Henri''s Hotel'!AV26<Tables!$F$29,Tables!$G$29*'Henri''s Hotel'!AV26,'Henri''s Hotel'!AV26*Tables!$G$30))),IF(AV26<=Tables!$F$33,Tables!$G$33*'Henri''s Hotel'!AV26,IF('Henri''s Hotel'!AV26<Tables!$F$34,'Henri''s Hotel'!AV26*Tables!$G$34,IF('Henri''s Hotel'!AV26<Tables!$F$35,Tables!$G$35*'Henri''s Hotel'!AV26,'Henri''s Hotel'!AV26*Tables!$G$36)))) -> 7760.75 | AX26: =IF(AU26<=Tables!$F$39,'Henri''s Hotel'!AU26*Tables!$G$39,IF(AU26>Tables!$F$40,Tables!$G$40*'Henri''s Hotel'!AU26,FALSE)) -> 1582.625 | AY26: =AU26-AW26-AX26 -> 19431.625 | BB26: =(MOD(K26-J26,1)+MOD(M26-L26,1)+MOD(O26-N26,1)+MOD(Q26-P26,1)+MOD(S26-R26,1)+MOD(U26-T26,1))*Tables!$F$17 -> 23 | BC26: =INDEX(Tables!$H$8:$H$10,MATCH(MOD(K26-J26,1)+MOD(M26-L26,1)+MOD(O26-N26,1)+MOD(Q26-P26,1)+MOD(S26-R26,1)+MOD(U26-T26,1),Tables!$D$8:$D$10,1)) -> 1 | BD26: =BB26*BC26*AJ26 -> 345 | BE26: =MOD(W26-V26,1)*24 -> 1 | BF26: =INDEX(Tables!$K$8:$K$10,MATCH(AE26,Tables!$D$8:$D$10,1)) -> 2 | BG26: =BE26*BF26*AJ26 -> 30
I27: Employee 19 | J27: 0.58333333 | K27: 0.375 | L27: 0.625 | M27: 0.66666667 | N27: 0.70833333 | O27: 1.75 | P27: 1.7916667 | Q27: 1.8333333 | T27: 1.9583333 | U27: 2 | V27: 2.0416667 | W27: 2.0833333 | X27: =IF(COUNTBLANK(J27:W27)>=Tables!$B$34,COUNTA(J27:W27)/Tables!$B$34,"ERROR WORKING DAYS") -> 6 | Y27: =W27-V27 -> 0.041666667 | Z27: =IF(AE27<(Tables!$F$8/Tables!$F$17),0,AE27-(Tables!$F$8/Tables!$F$17)) -> 0 | AA27: =AE27-Z27 -> 1 | AB27: =AA27*Tables!$F$17*AJ27 -> 360 | AC27: =IF(Z27>0,IF((Z27*Tables!$F$17)>$AB$37,((Z27*Tables!$F$17)-$AB$37)*$AC$37*AJ27+($AB$36*$AC$36*AJ27),(Z27*Tables!F35)*$AC$36*AJ27),) -> 0 | AE27: =MOD(K27-J27,1)+MOD(M27-L27,1)+MOD(O27-N27,1)+MOD(Q27-P27,1)+MOD(S27-R27,1)+MOD(U27-T27,1)+MOD(W27-V27,1) -> 1 | AF27: =IF(AH27=Tables!$E$3,IF('Henri''s Hotel'!AG27=Tables!$A$4,'Henri''s Hotel'!AE27,0),0) -> 0 | AG27: Front Office | AH27: Manager | AI27: =INDEX(Tables!$F$3:$F$5,MATCH('Henri''s Hotel'!AH27,Tables!$E$3:$E$5,0)) -> 1.5 | AJ27: =INDEX(Tables!$F$3:$F$5,MATCH('Henri''s Hotel'!AH27,Tables!$E$3:$E$5,0))*INDEX(Tables!$B$3:$B$6,MATCH('Henri''s Hotel'!AG27,Tables!$A$3:$A$6,0)) -> 15 | AK27: =INDEX(Tables!$H$8:$H$10,MATCH(MOD(K27-J27,1)+MOD(M27-L27,1)+MOD(O27-N27,1)+MOD(Q27-P27,1)+MOD(S27-R27,1)+MOD(U27-T27,1),Tables!$D$8:$D$10,1))*AJ27*(MOD(K27-J27,1)+MOD(M27-L27,1)+MOD(O27-N27,1)+MOD(Q27-P27,1)+MOD(S27-R27,1)+MOD(U27-T27,1))*24+INDEX(Tables!$K$8:$K$10,MATCH(AE27,Tables!$D$8:$D$10,1))*(MOD(W27-V27,1)*24)*AJ27 -> 375 | AL27: =IF(AH27=Tables!$E$3,IF('Henri''s Hotel'!AG27=Tables!$A$4,('Henri''s Hotel'!AE27/'Henri''s Hotel'!$AE$30)*'Henri''s Hotel'!$AE$31,),0) -> 0 | AO27: Married | AP27: 1 | AQ27: =INDEX(Tables!$B$15:$B$17,MATCH('Henri''s Hotel'!AO27,Tables!$A$15:$A$17,0))+INDEX(Tables!$B$20:$B$32,MATCH('Henri''s Hotel'!AP27,Tables!$A$20:$A$32,0)) -> 7800 | AR27: =IF(AE27>0,IF(AH27=Tables!$E$5,'Henri''s Hotel'!$M$32/'Henri''s Hotel'!$M$33,)) -> 0.5 | AS27: =IF(AH27=Tables!$E$3,'Henri''s Hotel'!AK27,) -> 0 | AT27: =IF($AS$29<'Hotel occupancy'!$B$13,IF('Henri''s Hotel'!AH27=Tables!$E$5,200,0),) -> 200 | AU27: =(AK27+AL27+AR27+AS27+AT27)*Tables!$F$16 -> 28775 | AV27: =IF(AU27-AQ27>0,AU27-AQ27,0) -> 20975 | AW27: =IF(AO27=Tables!$E$26,IF(AV27<=Tables!$F$27,Tables!$G$27*'Henri''s Hotel'!AV27,IF('Henri''s Hotel'!AV27<Tables!$F$28,Tables!$G$28*'Henri''s Hotel'!AV27,IF('Henri''s Hotel'!AV27<Tables!$F$29,Tables!$G$29*'Henri''s Hotel'!AV27,'Henri''s Hotel'!AV27*Tables!$G$30))),IF(AV27<=Tables!$F$33,Tables!$G$33*'Henri''s Hotel'!AV27,IF('Henri''s Hotel'!AV27<Tables!$F$34,'Henri''s Hotel'!AV27*Tables!$G$34,IF('Henri''s Hotel'!AV27<Tables!$F$35,Tables!$G$35*'Henri''s Hotel'!AV27,'Henri''s Hotel'!AV27*Tables!$G$36)))) -> 7760.75 | AX27: =IF(AU27<=Tables!$F$39,'Henri''s Hotel'!AU27*Tables!$G$39,IF(AU27>Tables!$F$40,Tables!$G$40*'Henri''s Hotel'!AU27,FALSE)) -> 1582.625 | AY27: =AU27-AW27-AX27 -> 19431.625 | BB27: =(MOD(K27-J27,1)+MOD(M27-L27,1)+MOD(O27-N27,1)+MOD(Q27-P27,1)+MOD(S27-R27,1)+MOD(U27-T27,1))*Tables!$F$17 -> 23 | BC27: =INDEX(Tables!$H$8:$H$10,MATCH(MOD(K27-J27,1)+MOD(M27-L27,1)+MOD(O27-N27,1)+MOD(Q27-P27,1)+MOD(S27-R27,1)+MOD(U27-T27,1),Tables!$D$8:$D$10,1)) -> 1 | BD27: =BB27*BC27*AJ27 -> 345 | BE27: =MOD(W27-V27,1)*24 -> 1 | BF27: =INDEX(Tables!$K$8:$K$10,MATCH(AE27,Tables!$D$8:$D$10,1)) -> 2 | BG27: =BE27*BF27*AJ27 -> 30
I28: Employee 20 | J28: 0.625 | K28: 0.41666667 | L28: 0.66666667 | M28: 0.70833333 | N28: 0.75 | O28: 1.7916667 | P28: 1.8333333 | Q28: 1.875 | T28: 2 | U28: 2.0416667 | V28: 2.0833333 | W28: 2.125 | X28: =IF(COUNTBLANK(J28:W28)>=Tables!$B$34,COUNTA(J28:W28)/Tables!$B$34,"ERROR WORKING DAYS") -> 6 | Y28: =W28-V28 -> 0.041666667 | Z28: =IF(AE28<(Tables!$F$8/Tables!$F$17),0,AE28-(Tables!$F$8/Tables!$F$17)) -> 0 | AA28: =AE28-Z28 -> 1 | AB28: =AA28*Tables!$F$17*AJ28 -> 360 | AC28: =IF(Z28>0,IF((Z28*Tables!$F$17)>$AB$37,((Z28*Tables!$F$17)-$AB$37)*$AC$37*AJ28+($AB$36*$AC$36*AJ28),(Z28*Tables!F36)*$AC$36*AJ28),) -> 0 | AE28: =MOD(K28-J28,1)+MOD(M28-L28,1)+MOD(O28-N28,1)+MOD(Q28-P28,1)+MOD(S28-R28,1)+MOD(U28-T28,1)+MOD(W28-V28,1) -> 1 | AF28: =IF(AH28=Tables!$E$3,IF('Henri''s Hotel'!AG28=Tables!$A$4,'Henri''s Hotel'!AE28,0),0) -> 0 | AG28: Front Office | AH28: Manager | AI28: =INDEX(Tables!$F$3:$F$5,MATCH('Henri''s Hotel'!AH28,Tables!$E$3:$E$5,0)) -> 1.5 | AJ28: =INDEX(Tables!$F$3:$F$5,MATCH('Henri''s Hotel'!AH28,Tables!$E$3:$E$5,0))*INDEX(Tables!$B$3:$B$6,MATCH('Henri''s Hotel'!AG28,Tables!$A$3:$A$6,0)) -> 15 | AK28: =INDEX(Tables!$H$8:$H$10,MATCH(MOD(K28-J28,1)+MOD(M28-L28,1)+MOD(O28-N28,1)+MOD(Q28-P28,1)+MOD(S28-R28,1)+MOD(U28-T28,1),Tables!$D$8:$D$10,1))*AJ28*(MOD(K28-J28,1)+MOD(M28-L28,1)+MOD(O28-N28,1)+MOD(Q28-P28,1)+MOD(S28-R28,1)+MOD(U28-T28,1))*24+INDEX(Tables!$K$8:$K$10,MATCH(AE28,Tables!$D$8:$D$10,1))*(MOD(W28-V28,1)*24)*AJ28 -> 375 | AL28: =IF(AH28=Tables!$E$3,IF('Henri''s Hotel'!AG28=Tables!$A$4,('Henri''s Hotel'!AE28/'Henri''s Hotel'!$AE$30)*'Henri''s Hotel'!$AE$31,),0) -> 0 | AO28: Married | AP28: 1 | AQ28: =INDEX(Tables!$B$15:$B$17,MATCH('Henri''s Hotel'!AO28,Tables!$A$15:$A$17,0))+INDEX(Tables!$B$20:$B$32,MATCH('Henri''s Hotel'!AP28,Tables!$A$20:$A$32,0)) -> 7800 | AR28: =IF(AE28>0,IF(AH28=Tables!$E$5,'Henri''s Hotel'!$M$32/'Henri''s Hotel'!$M$33,)) -> 0.5 | AS28: =IF(AH28=Tables!$E$3,'Henri''s Hotel'!AK28,) -> 0 | AT28: =IF($AS$29<'Hotel occupancy'!$B$13,IF('Henri''s Hotel'!AH28=Tables!$E$5,200,0),) -> 200 | AU28: =(AK28+AL28+AR28+AS28+AT28)*Tables!$F$16 -> 28775 | AV28: =IF(AU28-AQ28>0,AU28-AQ28,0) -> 20975 | AW28: =IF(AO28=Tables!$E$26,IF(AV28<=Tables!$F$27,Tables!$G$27*'Henri''s Hotel'!AV28,IF('Henri''s Hotel'!AV28<Tables!$F$28,Tables!$G$28*'Henri''s Hotel'!AV28,IF('Henri''s Hotel'!AV28<Tables!$F$29,Tables!$G$29*'Henri''s Hotel'!AV28,'Henri''s Hotel'!AV28*Tables!$G$30))),IF(AV28<=Tables!$F$33,Tables!$G$33*'Henri''s Hotel'!AV28,IF('Henri''s Hotel'!AV28<Tables!$F$34,'Henri''s Hotel'!AV28*Tables!$G$34,IF('Henri''s Hotel'!AV28<Tables!$F$35,Tables!$G$35*'Henri''s Hotel'!AV28,'Henri''s Hotel'!AV28*Tables!$G$36)))) -> 7760.75 | AX28: =IF(AU28<=Tables!$F$39,'Henri''s Hotel'!AU28*Tables!$G$39,IF(AU28>Tables!$F$40,Tables!$G$40*'Henri''s Hotel'!AU28,FALSE)) -> 1582.625 | AY28: =AU28-AW28-AX28 -> 19431.625 | BB28: =(MOD(K28-J28,1)+MOD(M28-L28,1)+MOD(O28-N28,1)+MOD(Q28-P28,1)+MOD(S28-R28,1)+MOD(U28-T28,1))*Tables!$F$17 -> 23 | BC28: =INDEX(Tables!$H$8:$H$10,MATCH(MOD(K28-J28,1)+MOD(M28-L28,1)+MOD(O28-N28,1)+MOD(Q28-P28,1)+MOD(S28-R28,1)+MOD(U28-T28,1),Tables!$D$8:$D$10,1)) -> 1 | BD28: =BB28*BC28*AJ28 -> 345 | BE28: =MOD(W28-V28,1)*24 -> 1 | BF28: =INDEX(Tables!$K$8:$K$10,MATCH(AE28,Tables!$D$8:$D$10,1)) -> 2 | BG28: =BE28*BF28*AJ28 -> 30
AS29: =(SUM(AS9:AS28))/O31 -> 0.17684615
I30: F&B Sales | J30: 1000 | L30: Hotel Sales | M30: 12000 | O30: Total Sales | P30: Labour costs workers | Q30: Total labour costs workers | X30: Total F&B workers hours | AE30: =SUM(AF9:AF29) -> 5
I31: Service charge | J31: =J30*Tables!F14 -> 50 | L31: Bonus managers (%) | M31: =IF('Hotel occupancy'!B10<'Hotel occupancy'!C5,'Hotel occupancy'!D5,IF('Hotel occupancy'!B10<'Hotel occupancy'!C6,'Hotel occupancy'!D6,IF('Hotel occupancy'!B10<'Hotel occupancy'!C7,'Hotel occupancy'!D7,IF('Hotel occupancy'!B10>'Hotel occupancy'!C7,'Hotel occupancy'!D8,)))) -> 0.0005 | O31: =M30+J30 -> 13000 | AE31: =(100/500)*J31 -> 10
L32: Bonus managers ($) | M32: =M31*M30 -> 6
L33: Total Managers | M33: =COUNTIF(AH9:AH28,Tables!$E$5) -> 12
L34: Bonus per manager | M34: =M32/M33 -> 0.5 | AB34: Overtime Hours
AA35: Standard working Hours 39h | AB35: 0 | AC35: 1
AA36: Overtime under 45h | AB36: 6 | AC36: 1.25
AA37: Overtime over 45h | AB37: 6 | AC37: 1.5

Sheet Tables
A2: Department | B2: Hourly rate | E2: Position | F2: Basic wage | J2: Situation | K2: Tax Free Allowance
A3: Front Office | B3: 10 | E3: Worker | F3: 1 | J3: Single | K3: 5000
A4: F&B | B4: 8 | E4: Supervisor | F4: 1.25 | J4: Married | K4: 7000
A5: Housekeeping | B5: 7 | E5: Manager | F5: 1.5 | J5: Divorced/Widowed | K5: 5500
A6: Others | B6: 6.5
E7: Working week | F7: Number of hours (from Monday to Saturday | H7: Ratio | J7: Number of hours (Sunday) | K7: Ratio
D8: 0 | E8: Standard | F8: 39 | H8: 1 | J8: 39 | K8: =H11*H8 -> 2
D9: =39/24 -> 1.625 | E9: Under 45 | F9: 45 | H9: 1.25 | J9: 45 | K9: =H9*H11 -> 2.5
D10: =45/24 -> 1.875 | E10: Over 45 hours | F10: 45 | H10: 1.5 | J10: 45 | K10: =H11*H10 -> 3
E11: Sunday | H11: 2
A14: Tax Free Allowance | E14: Service charge | F14: 0.05
A15: Single | B15: 5000
A16: Married | B16: 7000 | E16: Weeks in a year | F16: 50
A17: Divorced/Widowed | B17: 5500 | E17: Number of hours in a day | F17: 24
A19: Tax free allowance (per child) | C19: 800
A20: 0 | B20: =$C$19*A20 -> 0
A21: 1 | B21: =$C$19*A21 -> 800
A22: 2 | B22: =$C$19*A22 -> 1600
A23: 3 | B23: =$C$19*A23 -> 2400
A24: 4 | B24: =$C$19*A24 -> 3200
A25: 5 | B25: =$C$19*A25 -> 4000
A26: 6 | B26: =$C$19*A26 -> 4800 | E26: Single | F26: Income Tax Rates
A27: 7 | B27: =$C$19*A27 -> 5600 | E27: Up to 8000 | F27: 8000 | G27: 0.25
A28: 8 | B28: =$C$19*A28 -> 6400 | E28: Under 13000 | F28: 13000 | G28: 0.37
A29: 9 | B29: =$C$19*A29 -> 7200 | E29: Under 50000 | F29: 50000 | G29: 0.43
A30: 10 | B30: =$C$19*A30 -> 8000 | E30: Over 50000 | F30: 50000 | G30: 0.5
A31: 11 | B31: =$C$19*A31 -> 8800
A32: 12 | B32: =$C$19*A32 -> 9600 | E32: Married/Divorced/Widowed | F32: Income Tax Rates
E33: Up to 16500 | F33: 16500 | G33: 0.25
A34: Time cells per day | B34: 2 | E34: Unde 25000 | F34: 25000 | G34: 0.37
A35: Standard working week | B35: 1.625 | E35: Under 110000 | F35: 110000 | G35: 0.43
E36: Over 110000 | F36: 110000 | G36: 0.5
E38: Income | F38: Social Charges Rates
E39: Up to 40000 | F39: 40000 | G39: 0.055
E40: Over 40000 | F40: 40000 | G40: 0.045

Sheet EXEMPLE
D4: Working week | E4: Number of hours (from Monday to Saturday | G4: Ratio | I4: Number of hours (Sunday) | J4: Ratio
D5: Standard | E5: 39 | G5: 1 | I5: 39 | J5: 2
D6: Under 45 | E6: 45 | G6: 1.25 | I6: 45 | J6: 2.5
D7: Over 45 hours | E7: 45 | G7: 1.5 | I7: 45 | J7: 3
D9: Position | E9: Basic wage
D10: Worker | E10: 1
D11: Supervisor | E11: 1.25
D12: Manager | E12: 1.5
D14: Department | E14: Hourly rate
D15: Front Office | E15: 10
D16: F&B | E16: 8
D17: Housekeeping | E17: 7
D18: Others | E18: 6.5

Sheet EXEMPLE 2
E6: Working week | F6: Number of hours (from Monday to Saturday | H6: Ratio | J6: Number of hours (Sunday) | K6: Ratio
E7: Standard | F7: 39 | H7: 1 | J7: 39 | K7: 2
E8: Under 45 | F8: 45 | H8: 1.25 | J8: 45 | K8: 2.5
E9: Over 45 hours | F9: 45 | H9: 1.5 | J9: 45 | K9: 3
E11: Position | F11: Basic wage
E12: Worker | F12: 1
E13: Supervisor | F13: 1.25
E14: Manager | F14: 1.5
E16: Department | F16: Hourly rate
E17: Front Office | F17: 10
E18: F&B | F18: 8
E19: Housekeeping | F19: 7
E20: Others | F20: 6.5

Sheet Hotel occupancy
C2: Monday | D2: Tuesday | E2: Wednesday | F2: Thursday | G2: Friday | H2: Saturday | I2: Sunday
B3: Hotel occupancy | C3: 0.6 | D3: 0.76 | E3: 0.77 | F3: 0.78 | G3: 0.79 | H3: 0.8 | I3: 0.81
B5: Under 50% | C5: 0.5 | D5: 0
B6: Under 70% | C6: 0.7 | D6: 0.0005
B7: Under 90% | C7: 0.9 | D7: 0.00065
B8: Over 90% | D8: 0.00085
A10: Lowest occ rate/week | B10: =MIN(C3:I3) -> 0.6
A13: Labour cost to get bonus | B13: 0.2

Sheet Management Information
A1: Total Gross Wages
A2: Total Overtime at time and a quarter (in currency)
A3: Total Overtime at time and a quarter (in hours and minutes) | B3: =SUM('Henri''s Hotel'!Z9:Z28) -> 1.4166667
A4: Total Overtime at time and a half (in currency)
A5: Total Overtime at time and a half (in hours and minutes)
A6: Number of people who worked overtime | B6: =COUNT('Henri''s Hotel'!Z9:Z28)-COUNTIF('Henri''s Hotel'!Z9:Z28,) -> 3
A7: Total Income Tax collected | B7: =SUM('Henri''s Hotel'!AW9:AW28) -> 171869
A8: Total Social Charges collected | B8: =SUM('Henri''s Hotel'!AX9:AX28) -> 31267.25
A9: Total Net Wages
A10: Gross Wages excluding service, bonuses etc as a percentage of sales
A11: Gross Wages including service, bonuses etc as a percentage of sales
A12: Average Gross Wage (excluding overtime)
A13: Average Gross Wage (including overtime)
A14: Average Net Wage | B14: =AVERAGE('Henri''s Hotel'!AY9:AY28) -> 20000.687
A15: Highest Net Wage | B15: =MAX('Henri''s Hotel'!AY9:AY28) -> 59266.5
A16: Lowest Net Wage | B16: =MIN('Henri''s Hotel'!AY9:AY28) -> 5670

Sheet Feuil1
A1: Nom | B1: Département | C1: Positions | D1: Heures de semaine | E1: Heures du dimanche | F1: Nombre d'heures total (dimanche à double) | G1: Prix horaire du département | H1: Salaire | J1: Les heures jusqu'à 39 | K1: Les heures above 39 et below 45 (au maximum 5, soit 40, 41, 42, 43 et 44) | L1: Majorées de 25 % | M1: Les heures au dessus de 44 ou dès 45 (below 45 = 44) | N1: Majorées de 50 % | P1: Total des heures majorées y c. dimanches Colonnes J + L + N + O | Q1: Fois le prix horaire du département | R1: Majoration pour position | S1: Fois la majoration selon la position IDEM COLONNE H
J2: y compris 2 x le dimanche, donc toutes les heures du dimanche participent à la majoration des heures sup.
A3: Employé 1 | B3: Housekeeping | C3: Manager | D3: 46 | E3: 2 | F3: =D3+(2*E3) -> 50 | G3: =IF(ISERROR(VLOOKUP(B3,Tables!$A$3:$B$6,2,FALSE)),6.5,VLOOKUP(B3,Tables!$A$3:$B$6,2,FALSE)) -> 7 | H3: =IF(F3>=45,(F3-44)*1.5+5*1.25+39, IF(F3>39,(F3-39)*1.25+39, F3)) *G3 *(IF(C3="Supervisor",1.25,IF(C3="Manager",1.5,1))) -> 569.625 | J3: =MIN(39,F3) -> 39 | K3: =IF(F3>39,MIN((F3-39),5),0) -> 5 | L3: =K3*1.25 -> 6.25 | M3: =IF(F3>=45,(F3-44),0) -> 6 | N3: =M3*1.5 -> 9 | P3: =J3+L3+N3+O3 -> 54.25 | Q3: =P3*G3 -> 379.75 | R3: =(IF(C3="Supervisor",1.25,IF(C3="Manager",1.5,1))) -> 1.5 | S3: =Q3*R3 -> 569.625
A4: Employé 2 | B4: F&B | C4: Supervisor | D4: 40 | F4: =D4+(2*E4) -> 40 | G4: =IF(ISERROR(VLOOKUP(B4,Tables!$A$3:$B$6,2,FALSE)),6.5,VLOOKUP(B4,Tables!$A$3:$B$6,2,FALSE)) -> 8 | H4: =IF(F4>=45,(F4-44)*1.5+5*1.25+39,IF(F4>39,(F4-39)*1.25+39,F4))*G4*(IF(C4="Supervisor",1.25,IF(C4="Manager",1.5,1))) -> 402.5 | J4: =MIN(39,F4) -> 39 | K4: =IF(F4>39,MIN((F4-39),5),0) -> 1 | L4: =K4*1.25 -> 1.25 | M4: =IF(F4>=45,(F4-44),0) -> 0 | N4: =M4*1.5 -> 0 | P4: =J4+L4+N4+O4 -> 40.25 | Q4: =P4*G4 -> 322 | R4: =(IF(C4="Supervisor",1.25,IF(C4="Manager",1.5,1))) -> 1.25 | S4: =Q4*R4 -> 402.5
A5: Employé 3 | B5: Housekeeping | C5: Manager | D5: 44 | F5: =D5+(2*E5) -> 44 | G5: =IF(ISERROR(VLOOKUP(B5,Tables!$A$3:$B$6,2,FALSE)),6.5,VLOOKUP(B5,Tables!$A$3:$B$6,2,FALSE)) -> 7 | H5: =IF(F5>=45,(F5-44)*1.5+5*1.25+39,IF(F5>39,(F5-39)*1.25+39,F5))*G5*(IF(C5="Supervisor",1.25,IF(C5="Manager",1.5,1))) -> 475.125 | J5: =MIN(39,F5) -> 39 | K5: =IF(F5>39,MIN((F5-39),5),0) -> 5 | L5: =K5*1.25 -> 6.25 | M5: =IF(F5>=45,(F5-44),0) -> 0 | N5: =M5*1.5 -> 0 | P5: =J5+L5+N5+O5 -> 45.25 | Q5: =P5*G5 -> 316.75 | R5: =(IF(C5="Supervisor",1.25,IF(C5="Manager",1.5,1))) -> 1.5 | S5: =Q5*R5 -> 475.125
A6: Employé 4 | B6: Autre 1 | C6: Worker | D6: 20 | E6: 1 | F6: =D6+(2*E6) -> 22 | G6: =IF(ISERROR(VLOOKUP(B6,Tables!$A$3:$B$6,2,FALSE)),6.5,VLOOKUP(B6,Tables!$A$3:$B$6,2,FALSE)) -> 6.5 | H6: =IF(F6>=45,(F6-44)*1.5+5*1.25+39,IF(F6>39,(F6-39)*1.25+39,F6))*G6*(IF(C6="Supervisor",1.25,IF(C6="Manager",1.5,1))) -> 143 | J6: =MIN(39,F6) -> 22 | K6: =IF(F6>39,MIN((F6-39),5),0) -> 0 | L6: =K6*1.25 -> 0 | M6: =IF(F6>=45,(F6-44),0) -> 0 | N6: =M6*1.5 -> 0 | P6: =J6+L6+N6+O6 -> 22 | Q6: =P6*G6 -> 143 | R6: =(IF(C6="Supervisor",1.25,IF(C6="Manager",1.5,1))) -> 1 | S6: =Q6*R6 -> 143
A7: Employé 5 | B7: Autre 2 | C7: Supervisor | D7: 44 | E7: 10 | F7: =D7+(2*E7) -> 64 | G7: =IF(ISERROR(VLOOKUP(B7,Tables!$A$3:$B$6,2,FALSE)),6.5,VLOOKUP(B7,Tables!$A$3:$B$6,2,FALSE)) -> 6.5 | H7: =IF(F7>=45,(F7-44)*1.5+5*1.25+39,IF(F7>39,(F7-39)*1.25+39,F7))*G7*(IF(C7="Supervisor",1.25,IF(C7="Manager",1.5,1))) -> 611.40625 | J7: =MIN(39,F7) -> 39 | K7: =IF(F7>39,MIN((F7-39),5),0) -> 5 | L7: =K7*1.25 -> 6.25 | M7: =IF(F7>=45,(F7-44),0) -> 20 | N7: =M7*1.5 -> 30 | P7: =J7+L7+N7+O7 -> 75.25 | Q7: =P7*G7 -> 489.125 | R7: =(IF(C7="Supervisor",1.25,IF(C7="Manager",1.5,1))) -> 1.25 | S7: =Q7*R7 -> 611.40625
